 Dungeon Crawl Stone Soup version 0.18-a0-1507-g69458e0 (webtiles) character file.

948002 css the Conqueror (level 27, -11/249 HPs)
             Began as a Mummy Chaos Knight on Mar 2, 2016.
             Was the Champion of Ashenzari.
             Killed by dispel undead
             ... invoked by a revenant
              (36 damage)
             ... on level 16 of a ziggurat on Mar 5, 2016.
             The game lasted 07:42:48 (402835 turns).

css the Conqueror (Mummy Chaos Knight)            Turns: 402835, Time: 07:42:48

Health: -11/249    AC: 46    Str: 31    XL:     27
Magic:  49/50      EV: 19    Int: 11    God:    Ashenzari [******]
Gold:   9304       SH:  8    Dex: 20    Spells: 6 memorised, 36 levels left

rFire  + + +     SeeInvis +     f - +6 great sword of Dissent {flame, MP+9 Dex+6} (curse)
rCold  + + .     Gourm    .     h - +10 plate armour {MR+} (curse)
rNeg   + + +     Faith    .     (shield currently unavailable)
rPois  ∞         Spirit   .     T - +2 helmet {SInv} (curse)
rElec  +         Dismiss  .     J - +2 cloak of the Ladybird {+Inv rF+ Slay+3} (curse)
rCorr  .         Reflect  +     S - +0 pair of gloves of Pride {rF++ MR- Str+3 Int+2} (curse)
SustAt .         Harm     .     y - +2 pair of boots {run} (curse)
MR     ++...     Clarity  +     q - brooch of Shielding {Reflect SH+8} (curse)
Stlth  ..........               Z - ring "Zeacvuf" {rElec rF+ rC+} (curse)
                                p - ring of protection from magic

@: vulnerable, very slightly contaminated, hasted and slowed, studying
Necromancy, repel missiles, quick, very resistant to hostile enchantments,
extremely unstealthy
A: no food or potions, fire vulnerability, cold resistance 1, negative energy
resistance 3, torment resistance, unbreathing, in touch with death 2, restore
body
a: Self-Restoration, Curse Item, Scrying, Transfer Knowledge, Renounce Religion,
Evoke Invisibility
}: 6/15 runes: decaying, serpentine, slimy, silver, abyssal, demonic


You were on level 16 of a ziggurat.
You worshipped Ashenzari.
Ashenzari was exalted by your worship.
You were not hungry.

You visited 13 branches of the dungeon, and saw 59 of its levels.
You visited Pandemonium 1 time, and saw 7 of its levels.
You visited the Abyss 5 times.
You visited 1 ziggurat, and saw 16 of its levels.
You also visited: Ice Cave.

You collected 17404 gold pieces.
You spent 6285 gold pieces at shops.

Inventory:

Hand Weapons
 f - the cursed +6 great sword of Dissent (weapon) {flame, MP+9 Dex+6}
   (You found it on level 5 of the Vaults)

   It has been specially enchanted to burn those struck by it, causing extra
   injury to most foes and up to half again as much damage against particularly
   susceptible opponents.
   Big, fiery blades are also staple armaments of hydra-hunters.
   It affects your dexterity (+6).
   It affects your magic capacity (+9).
   It has a curse placed upon it.
 Q - a +9 great sword of freezing
Armour
 h - a cursed +10 plate armour of magic resistance (worn)
 y - a cursed +2 pair of boots of running (worn)
 J - the cursed +2 cloak of the Ladybird (worn) {+Inv rF+ Slay+3}
   (Xom gifted it to you on level 2 of the Dungeon)

   It affects your accuracy and damage with ranged weapons and melee attacks
   (+3).
   It protects you from fire.
   It lets you turn invisible.
   It has a curse placed upon it.
 S - the cursed +0 pair of gloves of Pride (worn) {rF++ MR- Str+3 Int+2}
   (You found it on level 1 of the Crypt)

   It affects your strength (+3).
   It affects your intelligence (+2).
   It greatly protects you from fire.
   It affects your resistance to hostile enchantments.
   It has a curse placed upon it.
 T - a cursed +2 helmet of see invisible (worn)
 V - a +12 gold dragon armour
Rods
 L - a cursed +8 rod of ignition (9/9)
   (Xom gifted it to you on level 9 of the Dungeon)
Jewellery
 j - an uncursed ring of resist corrosion
 n - the ring "Jaojughi" {SustAt rN+ Int+4 Dex+3}
   (You acquired it on level 5 of the Lair of Beasts)

   [ring of sustain attributes]

   It sustains your strength, intelligence and dexterity.
   It affects your intelligence (+4).
   It affects your dexterity (+3).
   It protects you from negative energy.
 p - a ring of protection from magic (left hand)
 q - the cursed brooch of Shielding (around neck) {Reflect SH+8}
   (You took it off a deep elf sorcerer on level 3 of the Elven Halls)

   [amulet of reflection]

   It shields you and reflects attacks.
   It affects your SH (+8).
   It has a curse placed upon it.
 D - an uncursed ring of wizardry
 G - the amulet of Vitality {Regen+ HP+15}
   (You took it off a spriggan berserker on level 4 of the Depths)

   [amulet of regeneration]

   It affects your health (+15).
   It increases your rate of regeneration.
 Z - the cursed ring "Zeacvuf" (right hand) {rElec rF+ rC+}
   (You took it off a deep elf demonologist on level 3 of the Elven Halls)

   [ring of protection from cold]

   It protects you from fire.
   It protects you from cold.
   It insulates you from electricity.
   It has a curse placed upon it.
Wands
 m - a wand of teleportation (2/9)
 r - a wand of digging (6/24)
 t - a wand of heal wounds (3/9)
 z - a wand of hasting (2/9)
 I - a wand of heal wounds (0/9)
 N - a wand of disintegration (4/24)
 O - a wand of teleportation (0/9)
Scrolls
 a - 2 scrolls of enchant armour
 b - 13 scrolls of amnesia
 k - 11 scrolls of fear
 s - 6 scrolls of recharging
 v - a scroll of summoning
 w - 10 scrolls of teleportation
 x - 5 scrolls of immolation
 C - 8 scrolls of fog
 E - 5 scrolls of enchant weapon
 F - 5 scrolls of blinking
 H - 48 scrolls of identify
 K - 4 scrolls of silence
 P - 8 scrolls of remove curse
 R - 4 scrolls of magic mapping
 U - 5 scrolls of torment
Books
 u - a book of the Sky

   Spells                             Type                      Level
   a - Summon Lightning Spire         Summoning/Air                4
   b - Airstrike                      Air                          4
   c - Silence                        Hexes/Air                    5
   d - Deflect Missiles               Charms/Air                   6
   e - Conjure Ball Lightning         Conjuration/Air              6
   f - Tornado                        Air                          9
 A - a book of Annihilations

   Spells                             Type                      Level
   a - Poison Arrow                   Conjuration/Poison           6
   b - Chain Lightning                Conjuration/Air              8
   c - Lehudib's Crystal Spear        Conjuration/Earth            8
   d - Glaciate                       Conjuration/Ice              9
   e - Fire Storm                     Conjuration/Fire             9
 M - a manual of Necromancy
Miscellaneous
 c - a sack of spiders
 d - an ornate deck of changes {drawn: 6}
 i - 2 phantom mirrors
 l - a disc of storms
 o - the horn of Geryon (inert)
 B - a plain deck of changes {drawn: 4}
 W - a sack of spiders {used: 5}
 X - a stone of tremors
 Y - a fan of gales


   Skills:
 O Level 27 Fighting
 - Level 26.4(27) Long Blades
 + Level 22.2(26.7) Armour
 + Level 13.3 Dodging
 - Level 4.0 Stealth
   Level 14.1 Shields
 * Level 14.8 Spellcasting
 + Level 1.0(2.7) Conjurations
 + Level 1.0(2.7) Hexes
 + Level 2.2(4.6) Charms
 + Level 2.7(5.2) Translocations
 * Level 13.1(15.7) Air Magic
 + Level 1.2(3.1) Poison Magic
 + Level 10.3(13.1) Evocations


You had 36 spell levels left.
You knew the following spells:

 Your Spells              Type           Power        Failure   Level  Hunger
a - Repel Missiles        Chrm/Air       ####..       1%          2    N/A
b - Infusion              Chrm           ###.         3%          1    N/A
c - Blink                 Tloc           N/A          3%          2    N/A
d - Mephitic Cloud        Conj/Pois/Air  ###.....     4%          3    N/A
e - Silence               Hex/Air        ####......   14%         5    N/A
f - Deflect Missiles      Chrm/Air       ####......   61%         6    N/A

Dungeon Overview and Level Annotations

Branches:
Dungeon (15/15)            Temple (1/1) D:5            Lair (8/8) D:10
  Swamp (4/4) Lair:5        Snake (4/4) Lair:6        Slime (6/6) Lair:8
    Orc (2/2) D:11            Elf (3/3) Orc:2        Vaults (5/5) D:14
  Crypt (3/3) Vaults:2       Tomb (2/3) Crypt:3      Depths (5/5) D:15
   Hell (1/1)                 Dis (0/7) Hell            Geh (0/7) Hell
    Coc (0/7) Hell            Tar (0/7) Hell            Zot (0/5) Depths:5

Altars:
Ashenzari
Cheibriados
Dithmenos
Elyvilon
Fedhas
Gozag
Kikubaaqudgha
Makhleb
Nemelex Xobeh
Okawaru
Pakellas
Qazlal
Ru
Sif Muna
Trog
Vehumet
Xom
Yredelemnul
Zin
The Shining One
Beogh

Shops:
D:2 *   D:8 (   Orc:2 ?:![?[   Vaults:1 (   Vaults:3 (*([   Vaults:4 (
Vaults:5 [%!%?%!?%

Portals:
Hell: Depths:1 Depths:2 Depths:4 Depths:5
Abyss: Depths:4
Pandemonium: Orc:2 Depths:3

Annotations:
Depths:1 exclusion: orange crystal statue
Depths:3 1 runed door, exclusion: 2 statues, Frederick
Depths:4 exclusion: ice statue


Innate Abilities, Weirdness & Mutations

You do not eat or drink.
Your flesh is vulnerable to fire.
You are immune to poison.
Your flesh is cold resistant.
You are immune to negative energy.
You are immune to unholy pain and torment.
You can survive without breathing.
You are strongly in touch with the powers of death.
You can restore your body by infusing magical energy.


Message History

The vampire knight is engulfed in roaring flames.
The eidolon is engulfed in roaring flames.
The revenant hits you!
* * * LOW HITPOINT WARNING * * *
The Shadow Fiend is engulfed in roaring flames.
The ancient lich is engulfed in roaring flames.
The spectral golden dragon bites you but does no damage.
The spectral golden dragon misses you.
The spectral golden dragon tramples you but does no damage.
Unknown command.
Unknown command.
Unknown command.
Evoke which item? (* to show all) (? for menu, Esc to quit)
You draw a card...
It is the Mercenary.
The deck of cards glows with a rainbow of weird colours and disappears.
Pay Niluh's fee of 829 gold?
Niluh joins your ranks! The revenant gestures violently at you.
You convulse!
You die...

▓▓▓▓▓▓▓▓▓▓▓▓▓
▓▓...........▓▓
▓▓.............▓▓
▓▓....ZV8........▓▓
▓▓?!.OVWZZZ1Z......▓▓
*▓}?)..L@WLVD§.......▓▓
*
∩}|).VWLW8LLV§.......▓▓
,>[))....Z#D#§§§.....∩.▓
∩[[).....W.W§§§......▓▓
*▓$?|......W§.§§.....▓▓
▓▓[................▓▓
▓▓...............▓▓
▓▓.............▓▓
*▓...........▓▓


You could see 2 bone dragons, 3 ancient liches, a Shadow Fiend, 2 revenants, 2
spellforged servitors, 2 vampire knights, an eidolon (inner flame), a jiangshi,
2 flayed ghosts, 2 vampire magi, 3 shadow wraiths, a spectral golden dragon, a
spectral tengu, a spectral juggernaut, a wraith, a shadow dragon simulacrum, a
titan simulacrum, a golden dragon zombie and the friendly Niluh the ogre mage.

Vanquished Creatures
  the Royal Jelly (Slime:6)
  An orb of fire (Zig:11)
  6 ancient liches
  2 juggernauts
  Mennas (Crypt:2)
  16 greater mummies (Tomb:1)
  Sojobo (Vaults:2)
  2 iron giants
  Margery (Depths:4)
  Geryon (Hell)
  Vashnia (Snake:4)
  3 profane servitors
  Jory (Crypt:2)
  6 bone dragons
  4 golden dragons
  4 Brimstone Fiends
  4 Hell Sentinels (Pan)
  3 Ice Fiends
  3 tentacled monstrosities
  6 pandemonium lords (Pan)
  9 titans
  11 liches
  4 deep elf master archers
  4 deep elf blademasters
  2 quicksilver dragons
  2 Shadow Fiends (Pan)
  15 ancient champions
  7 Executioners
  An eldritch tentacle (Pan)
  23 acid blobs
  7 sphinxes
  5 shadow dragons
  3 tengu reavers
  5 thorn hunters
  26 tentacled starspawn
  Kirke (Lair:8)
  Roxanne (Elf:1)
  7 storm dragons
  7 azure jellies
  7 greater nagas (Snake:4)
  Wiglaf (Snake:4)
  11 revenants
  A draconian knight (Zig:10)
  Donald (Snake:2)
  19 fire giants
  An iron dragon (Depths:4)
  2 curse skulls
  Maud (D:11)
  Aizul (Snake:4)
  10 frost giants
  2 ghost moths
  A draconian zealot (Zig:3)
  8 deep elf sorcerers
  A caustic shrike zombie (Depths:3)
  Louise (D:15)
  24 vault wardens
  13 balrugs
  3 draconian scorchers
  7 warmongers (Pan)
  An emperor scorpion (Zig:12)
  4 cacodemons (Pan)
  2 ghouls (Crypt:3)
  6 war gargoyles
  7 deep elf elementalists
  27 very ugly things
  2 draconian annihilators
  A caustic shrike skeleton (Zig:14)
  20 reapers
  An ophan (Abyss:1)
  8 vampire knights
  21 stone giants
  4 spriggan defenders
  4 black draconians
  8 blood saints (Pan)
  12 deep elf demonologists
  20 ironheart preservers
  6 corrupters (Pan)
  7 mottled draconians
  6 lorocyprocas
  12 salamander stormcallers
  A juggernaut skeleton (Zig:14)
  4 chaos champions (Pan)
  A spark wasp (shapeshifter) (Elf:2)
  Azrael (Elf:1)
  A yellow draconian (Zig:10)
  A green draconian (Zig:10)
  A red draconian (Zig:10)
  15 deep elf annihilators
  5 spark wasps
  5 black suns (Pan)
  2 white draconians
  15 fire dragons
  7 green deaths
  19 jiangshi
  12 eidola
  6 death oozes
  17 deep elf death magi
  2 crystal guardians
  A merfolk impaler (Depths:2)
  32 vault guards
  A merfolk javelineer (Depths:5)
  Erolcha (Orc:1)
  23 blizzard demons
  20 ogre magi
  19 ettins
  27 yaktaur captains
  A quicksilver dragon zombie (Depths:3)
  9 deep elf high priests
  8 entropy weavers
  12 great orbs of eyes
  35 hydras
  18 mummy priests
  9 ice dragons
  7 rakshasas
  Fannar (D:11)
  2 hell beasts
  Harold (Orc:1)
  17 centaur warriors
  9 monstrous demonspawn (Pan)
  An iron giant zombie (Zig:14)
  12 naga warriors
  A catoblepas (Lair:4)
  A ghost crab (Swamp:2)
  8 anacondas
  A satyr (shapeshifter) (Zig:15)
  7 spriggan air magi
  8 alligators
  7 death knights
  30 dancing weapons
  4 deep troll earth magi
  3 deep troll shamans
  18 tengu warriors
  8 death yaks
  6 spriggan berserkers
  14 hell hogs
  7 orc high priests
  13 vampire magi
  2 storm dragon zombies
  2 shock serpents (shapeshifter)
  19 naga sharpshooters
  12 shock serpents
  22 thrashing horrors
  91 large abominations
  2 iron golems (Depths:1)
  Nergalle (Orc:1)
  66 soul eaters
  54 sun demons
  18 wretched stars
  33 deep elf knights
  2 fire crabs
  3 titan skeletons
  2 fire crabs (shapeshifter)
  7 shadow wraiths
  3 salamander mystics
  21 hell knights
  3 iron trolls (Depths:4)
  29 skeletal warriors
  An unseen horror (shapeshifter) (Depths:4)
  6 wizards
  22 deep trolls
  2 spark wasp zombies (Hell)
  A death drake (Abyss:1)
  29 death scarabs
  6 flayed ghosts
  2 sea snakes (Snake:3)
  11 spatial maelstroms
  2 anaconda zombies
  9 giant orange brains
  12 swamp dragons
  2 spriggan druids (Swamp:4)
  4 unseen horrors
  18 anubis guards
  9 shadow demons (Pan)
  8 gelid demonspawn
  24 ironbrand convokers
  7 infernal demonspawn
  8 naga ritualists
  3 golden dragon skeletons
  7 torturous demonspawn
  11 hill giants
  A harpy (shapeshifter) (Elf:1)
  13 harpies
  4 tengu zombies
  7 orb spiders
  2 anaconda skeletons
  4 putrid demonspawn (Pan)
  3 sphinx zombies
  18 orc knights
  29 deep elf archers
  12 phantasmal warriors
  15 necromancers
  A shadow dragon zombie (Hell)
  93 ugly things
  12 cyclopes
  4 frost giant zombies
  2 manticores
  A sphinx skeleton (Zig:14)
  6 mana vipers
  5 wolf spiders
  10 orc sorcerers
  15 shining eyes
  8 griffons
  2 fire giant zombies
  3 stone giant zombies
  90 deep elf magi
  7 hornets
  An iron dragon zombie (Zig:14)
  10 sixfirhies
  An iron giant simulacrum (Depths:1)
  15 elephants
  22 salamanders
  An octopode (shapeshifter) (Vaults:4)
  A stone giant skeleton (Hell)
  2 black mambas (shapeshifter)
  A moth of wrath (shapeshifter) (Vaults:2)
  5 worldbinders
  5 centaur zombies
  3 moths of wrath
  A fire giant skeleton (Zig:6)
  40 black mambas
  A dire elephant zombie (Crypt:3)
  An iron dragon skeleton (Hell)
  3 eyes of devastation
  4 guardian serpents
  18 rust devils
  7 apocalypse crabs
  An elf zombie (Zig:14)
  16 vault sentinels
  2 centaur skeletons
  32 naga magi
  An ice statue (IceCv)
  A spiny frog (shapeshifter) (Vaults:2)
  3 gargoyles
  23 spiny frogs
  62 smoke demons
  3 torpor snails
  4 hellions
  16 orange demons
  A dire elephant skeleton (Hell)
  A grey draconian zombie (Crypt:1)
  14 efreet
  15 freezing wraiths
  A green draconian zombie (Crypt:1)
  17 komodo dragons
  An emperor scorpion zombie (Abyss:1)
  A komodo dragon (shapeshifter) (D:15)
  7 tormentors
  5 rime drakes
  77 yaktaurs
  A catoblepas zombie (Crypt:2)
  24 demonic crawlers
  5 kobold demonologists
  An anaconda simulacrum (Abyss:1)
  An alligator snapping turtle skeleton (Crypt:3)
  A harpy zombie (Hell)
  13 ice devils
  29 guardian mummies
  6 tengu conjurers
  A white draconian skeleton (Crypt:2)
  24 red devils
  2 queen bees
  23 ancient zymes
  15 hellwings
  A spriggan skeleton (Depths:1)
  A giant leech (shapeshifter) (Vaults:1)
  A troll (shapeshifter) (Vaults:2)
  23 polar bears
  A jumping spider (shapeshifter) (Abyss:1)
  11 trolls
  3 hydra zombies (Hell)
  5 jumping spiders
  A tengu simulacrum (Depths:4)
  6 giant leeches
  A sphinx simulacrum (Depths:4)
  6 ushabtiu
  36 two-headed ogres
  A griffon zombie (Crypt:1)
  A raiju (shapeshifter) (Abyss:2)
  131 slime creatures
  30 blink frogs
  10 bog bodies
  2 fire giant simulacra
  2 frost giant simulacra
  28 raiju
  3 ice dragon zombies
  6 boulder beetles
  A black mamba zombie (Hell)
  8 spriggans
  An alligator zombie (Hell)
  A fire dragon skeleton (Abyss:2)
  10 shadows
  2 wyverns
  2 alligator skeletons (Hell)
  5 flying skulls
  51 ynoxinuls
  29 redbacks
  9 air elementals
  A tarantella (shapeshifter) (Depths:2)
  3 tarantellas
  18 fire elementals
  73 yaks
  7 wraiths
  8 basilisks
  11 water elementals
  A giant leech zombie (Crypt:3)
  5 fire bats
  A hog (shapeshifter) (Depths:1)
  A hog (Lair:8)
  16 golden eyes
  44 vampire mosquitoes
  5 steam dragons (Lair:8)
  A yaktaur simulacrum (Vaults:2)
  13 hippogriffs
  6 hungry ghosts
  27 chaos spawn
  A human simulacrum (Vaults:3)
  A harpy simulacrum (Abyss:1)
  40 wolves
  21 spatial vortices
  A swamp worm (shapeshifter) (Vaults:4)
  14 wargs
  An infernal demonspawn zombie (Crypt:3)
  A torturous demonspawn zombie (Crypt:1)
  30 neqoxecs
  38 swamp worms
  51 nagas
  17 insubstantial wisps
  35 hell hounds
  A monstrous demonspawn zombie (Crypt:2)
  4 mottled dragons
  21 water moccasins
  61 small abominations
  A black bear (shapeshifter) (Vaults:3)
  2 hydra simulacra (Hell)
  16 swamp drakes
  12 porcupines
  53 orc warriors
  103 starcursed masses
  3 snapping turtle zombies
  2 eyes of draining (shapeshifter)
  2 spriggan simulacra
  6 sky beasts
  9 ice beasts
  6 phantoms
  A spiny frog skeleton (Hell)
  13 wasps
  12 black bears (Lair:8)
  An ice dragon simulacrum (Crypt:3)
  13 eyes of draining
  2 necrophages (D:7)
  75 ogres
  25 centaurs
  A snapping turtle skeleton (Crypt:2)
  A hog zombie (Crypt:2)
  4 boggarts
  A lindwurm skeleton (Crypt:1)
  2 human skeletons (Vaults:2)
  20 crocodiles
  A manticore skeleton (Crypt:3)
  6 big kobolds
  A yaktaur zombie (Depths:1)
  18 giant frogs
  A gnoll sergeant (D:8)
  A rime drake skeleton (Crypt:3)
  A yaktaur skeleton (Crypt:2)
  7 earth elementals
  A spiny frog simulacrum (Hell)
  A wyvern zombie (D:12)
  3 wyvern skeletons
  8 scorpions
  A boulder beetle zombie (Vaults:2)
  61 killer bees
  A killer bee (shapeshifter) (D:4)
  6 electric eels
  18 wights
  2 howler monkeys
  19 crimson imps
  44 jellies
  A wasp zombie (D:11)
  A black bear zombie (Crypt:3)
  17 hounds
  A giant frog zombie (D:11)
  5 quasits
  4 giant frog skeletons
  39 orc priests
  24 orc wizards
  A demonspawn skeleton (Crypt:1)
  8 iron imps
  17 iguanas
  18 worker ants
  3 yak simulacra (Lair:4)
  A lightning spire (Zig:6)
  8 hell rats
  4 polar bear simulacra (Lair:4)
  2 wolf simulacra (Lair:4)
  28 sheep
  A crocodile skeleton (Crypt:3)
  A deep dwarf skeleton (Crypt:3)
  A naga skeleton (Hell)
  An ogre skeleton (Crypt:1)
  2 hound skeletons (D:4)
  38 mummies
  Robin (D:4)
  2 howler monkey skeletons (D:6)
  17 gnolls
  A steam dragon zombie (Crypt:2)
  19 adders
  94 river rats
  2 shadow imps
  29 white imps
  9 ufetubi
  2 oozes
  A lava snake zombie (Crypt:2)
  3 adder skeletons (D:4)
  A sheep skeleton (Crypt:2)
  12 worms
  5 dart slugs
  6 giant geckos
  138 orcs
  A bat zombie (Crypt:3)
  10 giant cockroaches
  29 goblins
  19 hobgoblins
  22 jackals
  63 kobolds
  13 quokkas
  6 ball pythons
  18 bats
  8 giant newts
  2 jackal skeletons
  A jackal zombie (D:9)
  A kobold (shapeshifter) (Vaults:5)
  A quokka skeleton (Crypt:1)
  25 rats
  2 river rat simulacra (Lair:4)
  2 crawling corpses (Elf:3)
  2 fire vortices (Vaults:4)
  2 fungi (Lair:7)
  A lurking horror (Abyss:2)
  A plant (Lair:7)
  16 starspawn tentacles
4981 creatures vanquished.

Vanquished Creatures (collateral kills)
  Xtahua (Depths:4)
  the Enchantress (Depths:5)
  A golden dragon (Vaults:5)
  A deep elf master archer (Zig:13)
  A deep elf blademaster (Zig:13)
  A sphinx (Zig:15)
  2 acid blobs (Slime:6)
  A fire giant (Depths:3)
  An angel (Abyss:1)
  A spriggan defender (Depths:5)
  A deep elf demonologist (Zig:13)
  A deep elf annihilator (Vaults:5)
  A vault guard (D:14)
  2 tengu warriors
  A dancing weapon (Zig:13)
  A thrashing horror (Abyss:2)
  A deep elf knight (Zig:13)
  An unseen horror (D:14)
  2 deep elf archers
  A swamp dragon (Swamp:4)
  A giant orange brain (Depths:4)
  A flayed ghost (Zig:16)
  2 deep elf magi (Zig:13)
  An ugly thing (Abyss:2)
  An elephant (Lair:8)
  2 demonic crawlers
  5 yaktaurs
  A tengu conjurer (Depths:1)
  The ghost of namelastname112 the Ruffian, an amateur DrMo (D:4)
  3 two-headed ogres
  A hydra skeleton (Hell)
  A slime creature (Slime:6)
  A shadow (D:14)
  A redback (Depths:5)
  2 spriggans (Depths:5)
  2 centaurs
  An ogre (Depths:4)
  A big kobold (D:14)
  A crimson imp (Hell)
  2 orc wizards
  An orc (Orc:2)
  A fungus (Lair:7)
56 creatures vanquished.

Vanquished Creatures (others)
  A tentacled monstrosity (Vaults:5)
  5 eldritch tentacles
  A revenant (Zig:16)
  A tengu reaver (Depths:2)
  A ghost moth (Zig:12)
  2 ironheart preservers
  A salamander stormcaller (Depths:4)
  A green draconian (Zig:10)
  A purple draconian (Zig:10)
  A blizzard demon (Pan)
  A deep elf high priest (Depths:3)
  2 dancing weapons
  A death yak (Lair:8)
  A deep elf knight (Depths:4)
  A shadow wraith (Zig:15)
  A deep elf archer (Depths:4)
  A giant orange brain (Abyss:3)
  A deep elf mage (Vaults:4)
  A fire giant zombie (Tomb:2)
  A cyclops (Zig:4)
  A centaur zombie (D:14)
  2 drowned souls (Abyss:3)
  2 yaktaurs
  A freezing wraith (Vaults:3)
  6 polar bears
  A spriggan (Swamp:4)
  An air elemental (Zig:13)
  3 yaks
  4 humans (Lair:8)
  2 small abominations
  A wolf (Lair:8)
  2 hell hounds (Hell)
  A large abomination (Abyss:1)
  An ogre (Vaults:4)
  A centaur (Depths:4)
  2 big kobolds
  A killer bee (D:7)
  An orc wizard (Orc:1)
  A hell rat (Hell)
  4 mummies
  2 white imps
  4 ball lightnings
  An orc (D:11)
  A quokka (D:7)
  A bush (Lair:8)
  A crawling corpse (Depths:4)
  460 eldritch tentacle segments
  3 fire vortices
  53 fungi
  10 lost souls
  3 lurking horrors (Abyss:2)
  24 plants
  38 starspawn tentacles
  174 starspawn tentacle segments
839 creatures vanquished.

Grand Total: 5876 creatures vanquished

Notes
Turn   | Place    | Note
--------------------------------------------------------------
     0 | D:1      | css the Mummy Chaos Knight began the quest for the Orb.
     0 | D:1      | Reached XP level 1. HP: 18/18 MP: 1/1
   262 | D:1      | XOM: silly message
   266 | D:1      | Reached XP level 2. HP: 20/24 MP: 2/2
   301 | D:1      | Reached skill level 1 in Dodging
   691 | D:1      | XOM: divination: detect creatures
   881 | D:1      | XOM: silly message
   933 | D:1      | XOM: harmless Hex miscast
  1512 | D:1      | XOM: scenery: create altars
  1995 | D:1      | XOM: scenery: create altars
  2253 | D:1      | XOM: noise
  2454 | D:1      | XOM: colour smoke trail
  2598 | D:1      | Reached XP level 3. HP: 30/30 MP: 3/3
  3433 | D:1      | XOM is BORED!
  3433 | D:1      | XOM: medium Ice miscast
  3804 | D:1      | XOM: colour smoke trail
  4881 | D:1      | XOM: god gift: glowing plate armour {god gift}
  5361 | D:1      | XOM: god gift: 3 scrolls labeled BIRETA XANORGHA
  5746 | D:1      | Noticed a water moccasin
  5900 | D:2      | XOM is BORED!
  5900 | D:2      | XOM: medium Hex miscast
  5989 | D:2      | Found a shattered altar of Ashenzari.
  6054 | D:2      | Found Zin's Purification Station.
  6060 | D:2      | Found a glowing silver altar of Zin.
  6132 | D:2      | Reached XP level 4. HP: 37/37 MP: 4/4
  6297 | D:2      | XOM: harmless Summ miscast
  6823 | D:2      | XOM: god gift: 3 fruits
  6864 | D:2      | XOM: god gift: pair of runed gloves {god gift}
  7214 | D:2      | XOM: vitrification
  7239 | D:2      | XOM: god gift: 19 silver bolts
  7243 | D:2      | XOM: god gift: falchion {god gift}
  7461 | D:2      | XOM is BORED!
  7461 | D:2      | XOM: severe Necr miscast
  7640 | D:2      | Reached skill level 4 in Fighting
  8484 | D:2      | XOM: mild Fire miscast
  9510 | D:2      | XOM: smoke on damage
  9918 | D:2      | XOM: harmless Conj miscast
  9947 | D:2      | XOM: silly message
 10326 | D:2      | XOM: divination: detect creatures
 10758 | D:2      | XOM: mild Necr miscast
 11190 | D:2      | XOM: silly message
 11202 | D:2      | XOM: colour smoke trail
 12714 | D:2      | XOM is BORED!
 12714 | D:2      | XOM: medium Chrm miscast
 13076 | D:2      | Reached XP level 5. HP: 40/42 MP: 5/5
 13193 | D:2      | XOM: mild Air miscast
 13495 | D:2      | XOM: cast spell 'Summon Butterflies'
 13941 | D:2      | XOM: silly message
 13972 | D:2      | XOM: 6-stop teleportation journey
 14129 | D:2      | XOM: 1-stop teleportation journey
 14229 | D:2      | XOM: harmless Conj miscast
 14307 | D:2      | XOM: god gift: crooked gold wand {god gift}
 14391 | D:2      | XOM: god gift: tapered fluorescent wand {god gift}
 14553 | D:2      | XOM is BORED!
 14553 | D:2      | XOM: medium Conj miscast
 14765 | D:2      | XOM: god gift: bread ration
 14961 | D:2      | XOM: 1-stop teleportation journey
 15212 | D:2      | XOM: god gift: 22 sling bullets of frost
 15248 | D:2      | XOM: god gift: greatsling {god gift}
 15374 | D:2      | XOM: divination: detect creatures
 15552 | D:2      | XOM: god gift: scroll labeled BOL TIRIGHEOTEE
 15554 | D:2      | XOM: god gift: paperback book {god gift}
 16236 | D:2      | XOM is BORED!
 16236 | D:2      | XOM: medium Pois miscast
 16354 | D:2      | XOM: god gift: long glowing rod {god gift}
 16356 | D:2      | Identified a +6 rod of clouds (12/12) (Xom gifted it to you on level 2 of the Dungeon)
 16510 | D:2      | XOM: mild Fire miscast
 16517 | D:2      | XOM: harmless Fire miscast
 16556 | D:2      | XOM: divination: detect creatures
 16679 | D:2      | Noticed a war gargoyle
 16921 | D:3      | XOM: divination: detect creatures
 16967 | D:3      | Found a shimmering altar of Xom.
 16982 | D:3      | XOM: mild Chrm miscast
 17319 | D:3      | Reached skill level 1 in Stealth
 17473 | D:3      | XOM: divination: detect items
 17492 | D:3      | XOM: potion effect (brilliance)
 17494 | D:3      | XOM: divination: detect creatures
 17510 | D:3      | Reached XP level 6. HP: 48/48 MP: 6/6
 17623 | D:3      | XOM: divination: detect creatures
 17627 | D:3      | XOM: confuse monster(s)
 17720 | D:3      | XOM: vitrification
 17888 | D:3      | XOM: medium Chrm miscast
 18717 | D:2      | XOM: god gift: scroll of fear
 19081 | D:2      | XOM: 5-stop teleportation journey
 19402 | D:2      | XOM: god gift: 16 stones
 19817 | D:2      | XOM: 2-stop teleportation journey
 19969 | D:2      | XOM: god gift: 32 gold pieces
 20257 | D:3      | XOM is BORED!
 20257 | D:3      | XOM: severe Tloc miscast
 21170 | D:3      | XOM: vitrification
 21400 | D:3      | XOM: scenery: create altars
 21425 | D:3      | XOM: harmless Hex miscast
 22198 | D:3      | XOM: divination: detect creatures
 22230 | D:3      | XOM: 1-stop teleportation journey
 22688 | D:3      | Noticed an orc warrior
 22700 | D:3      | Killed an orc warrior
 22700 | D:3      | Reached XP level 7. HP: 29/55 MP: 7/7
 22710 | D:3      | XOM: vitrification
 23376 | D:3      | XOM: noise
 23460 | D:3      | XOM: vitrification
 23629 | D:3      | XOM: 2-stop teleportation journey
 23715 | D:3      | XOM: cast spell 'Summon Butterflies'
 23746 | D:3      | XOM: polymorph butterfly -> river rat
 24000 | D:3      | Noticed a boulder beetle
 24004 | D:4      | Noticed Robin
 24008 | D:4      | XOM: mild Conj miscast
 24015 | D:4      | XOM: enchant monster (bad)
 24052 | D:4      | Killed Robin
 24077 | D:4      | XOM: mild Necr miscast
 24082 | D:4      | Noticed namelastname112's ghost (amateur DrMo)
 24092 | D:5      | Entered Level 5 of the Dungeon
 24208 | D:4      | XOM: confuse monster(s)
 24222 | D:5      | XOM: mild Conj miscast
 24331 | D:4      | XOM: 2-stop teleportation journey
 24344 | D:4      | XOM: summons 6 friendly demons
 24354 | D:4      | Killed namelastname112's ghost
 24354 | D:4      | Reached skill level 5 in Fighting
 24354 | D:4      | Reached skill level 5 in Armour
 24542 | D:4      | XOM: noise
 24756 | D:4      | Got a tattered robe
 24767 | D:4      | Identified the +1 robe of Poyn {rC+ Regen+} (You found it on level 4 of the Dungeon)
 25232 | D:4      | XOM: colour smoke trail
 25455 | D:4      | XOM: medium Fire miscast
 25870 | D:4      | XOM: medium Air miscast
 26669 | D:4      | XOM: god gift: 14 poisoned arrows
 26849 | D:4      | Reached XP level 8. HP: 59/63 MP: 8/8
 27060 | D:4      | XOM: mild Air miscast
 27464 | D:4      | XOM: harmless Summ miscast
 27512 | D:4      | XOM: scenery: create altars
 27830 | D:4      | XOM: polymorph orc -> giant cockroach
 27917 | D:4      | XOM: vitrification
 28023 | D:4      | XOM: medium Chrm miscast
 28027 | D:4      | XOM: noise
 28212 | D:4      | XOM is BORED!
 28212 | D:4      | XOM: mild Chrm miscast
 28391 | D:4      | Noticed a freezing wraith
 28442 | D:5      | Found a staircase to the Ecumenical Temple.
 28461 | Temple   | Entered the Ecumenical Temple
 28675 | D:5      | XOM: chaos upgrade
 29064 | D:5      | XOM: smoke on damage
 29072 | D:5      | XOM: smoke on damage
 29092 | D:5      | XOM: divination: detect items
 29305 | D:5      | XOM: divination: detect creatures
 29371 | D:5      | XOM is BORED!
 29371 | D:5      | XOM: mild Necr miscast
 29544 | D:5      | Found a shadowy altar of Dithmenos.
 29552 | D:5      | XOM: blink monster(s)
 29556 | D:5      | Reached skill level 6 in Fighting
 29591 | D:5      | XOM: noise
 29743 | D:5      | Found an iron altar of Okawaru.
 29745 | D:5      | Found a sacrificial altar of Ru.
 29974 | D:4      | XOM: 2-stop teleportation journey
 30110 | D:4      | XOM: god gift: 16 stones
 31015 | D:5      | XOM: cast spell 'Cause Fear'
 31063 | D:5      | XOM: mild Fire miscast
 31134 | D:5      | XOM: harmless Pois miscast
 31216 | D:5      | XOM: colour smoke trail
 31484 | D:5      | XOM: god gift: 13 stones
 31492 | D:5      | XOM: mild Tloc miscast
 31665 | D:5      | XOM: mild Erth miscast
 31729 | D:5      | XOM: colour smoke trail
 32398 | D:5      | XOM: noise
 32725 | D:5      | XOM: silly message
 32896 | D:5      | XOM: silly message
 32936 | D:5      | XOM: mild Air miscast
 33692 | D:5      | XOM: noise
 33811 | D:5      | XOM is BORED!
 33811 | D:5      | XOM: noise
 33999 | D:5      | Noticed a centaur warrior
 34448 | D:6      | Noticed a two-headed ogre
 34457 | D:6      | Killed a two-headed ogre
 34457 | D:6      | Reached XP level 9. HP: 60/71 MP: 9/9
 34499 | D:6      | Found an iron altar of Okawaru.
 34662 | D:6      | XOM is BORED!
 34662 | D:6      | XOM: noise
 34669 | D:6      | Found a white marble altar of Elyvilon.
 34781 | D:6      | XOM: scenery: 1 doors open
 34791 | D:6      | XOM: mild Ice miscast
 35334 | D:6      | XOM: mild Ice miscast
 35347 | D:6      | XOM: harmless Conj miscast
 36075 | D:6      | XOM is BORED!
 36075 | D:6      | XOM: silly message
 36908 | D:6      | XOM is BORED!
 36908 | D:6      | XOM: mild Pois miscast
 37155 | D:6      | XOM is BORED!
 37155 | D:6      | XOM: medium Trmt miscast
 37582 | D:6      | XOM: vitrification
 38253 | D:6      | XOM: cast spell 'Dispersal'
 38831 | D:6      | XOM: medium Chrm miscast
 38900 | D:6      | XOM is BORED!
 38900 | D:6      | XOM: medium Summ miscast
 39013 | D:7      | Found a deep blue altar of Sif Muna.
 39013 | D:7      | XOM: mild Erth miscast
 39188 | D:7      | XOM: confuse monster(s)
 39190 | D:7      | XOM: cast spell 'Excruciating Wounds'
 39194 | D:7      | XOM: noise
 39195 | D:7      | XOM: summons friendly shadow imp
 39388 | D:7      | Found an opulent altar of Gozag.
 39409 | D:7      | XOM is BORED!
 39409 | D:7      | XOM: medium Summ miscast
 39439 | D:7      | XOM: cast spell 'Cause Fear'
 39466 | D:7      | XOM: summons friendly white imp
 39500 | D:7      | XOM: summons friendly white imp
 39526 | D:7      | Reached skill level 7 in Fighting
 39526 | D:7      | Reached skill level 1 in Shields
 39609 | D:7      | XOM: polymorph worker ant -> gnoll
 39780 | D:7      | XOM: summons 9 friendly demons
 39897 | D:7      | XOM: confuse monster(s)
 39969 | D:7      | Identified a scroll of acquirement
 39987 | D:7      | XOM: god gift: sharpened bone wand {god gift}
 40284 | D:7      | XOM: god gift: 39 gold pieces
 40412 | D:7      | XOM: god gift: glass wand {god gift}
 40521 | D:7      | XOM: vitrification
 40543 | D:7      | XOM: god gift: leatherbound book {god gift}
 40551 | D:7      | XOM: harmless Tloc miscast
 40800 | D:7      | XOM: potion effect (invisibility)
 41278 | D:7      | XOM: divination: detect creatures
 41388 | D:7      | XOM: god gift: papyrus book {god gift}
 41503 | D:7      | XOM: god gift: cloak {god gift}
 41628 | D:7      | XOM: vitrification
 41690 | D:7      | XOM: mild Trmt miscast
 41933 | D:7      | XOM: god gift: 6 meat rations
 42258 | D:7      | XOM: god gift: 7 gold pieces
 42304 | D:7      | XOM is BORED!
 42304 | D:7      | XOM: mild Trmt miscast
 42345 | D:7      | XOM: medium Tloc miscast
 42412 | D:8      | XOM: enchant monster (good)
 42443 | D:8      | Found Veosofo's Antique Weapon Shoppe.
 42530 | D:8      | XOM: medium Divn miscast
 42533 | D:8      | Bought a runed great sword for 175 gold pieces
 42533 | D:8      | Bought a glowing falchion for 81 gold pieces
 42590 | D:8      | XOM: summons 9 friendly demons
 42619 | D:8      | Reached XP level 10. HP: 80/80 MP: 10/10
 43247 | D:8      | XOM: scenery: create altars
 43350 | D:8      | XOM: harmless Fire miscast
 43402 | D:8      | XOM: harmless Hex miscast
 43507 | D:7      | XOM: mild Erth miscast
 44081 | D:7      | XOM: 1-stop teleportation journey
 44169 | D:7      | XOM: medium Air miscast
 44424 | D:7      | XOM: 3-stop teleportation journey
 44428 | D:7      | XOM: summons 1 hostile demon
 44579 | D:7      | XOM: colour smoke trail
 44663 | D:7      | Noticed an ettin
 44665 | D:7      | XOM: confuse monster(s)
 44667 | D:7      | XOM: 1-stop teleportation journey
 44689 | D:7      | XOM: severe Air miscast
 45669 | D:7      | XOM: noise
 45725 | D:7      | XOM: 1-stop teleportation journey
 45781 | D:7      | XOM: mild Erth miscast
 45841 | D:7      | XOM: mild Hex miscast
 46046 | D:7      | XOM: medium Ice miscast
 46069 | D:7      | XOM: mild Erth miscast
 46255 | D:7      | XOM: colour smoke trail
 46296 | D:7      | XOM is BORED!
 46296 | D:7      | XOM: noise
 46919 | D:7      | XOM: god gift: bone wand {god gift}
 47187 | D:7      | XOM is BORED!
 47187 | D:7      | XOM: medium Necr miscast
 47225 | D:7      | XOM: harmless Necr miscast
 47567 | D:7      | Noticed a centaur warrior
 47574 | D:7      | Killed a centaur warrior
 47867 | D:7      | Noticed a green ugly thing
 47878 | D:7      | Killed a green ugly thing
 47878 | D:7      | Reached skill level 8 in Fighting
 48086 | D:7      | XOM: mild Tloc miscast
 48264 | D:7      | XOM: scenery: create altars
 49245 | D:7      | XOM: god gift: scroll of recharging
 50000 | D:7      | XOM is BORED!
 50000 | D:7      | XOM: medium Erth miscast
 50159 | D:7      | XOM: vitrification
 50587 | D:7      | XOM: scenery: create altars
 50804 | D:7      | XOM: vitrification
 51253 | D:7      | XOM: scenery: 1 doors close
 51562 | D:7      | XOM: god gift: murky green potion
 51825 | D:7      | XOM: god gift: 640 gold pieces
 52185 | D:7      | Noticed an ogre mage
 52199 | D:7      | Killed an ogre mage
 52216 | D:7      | Reached skill level 5 in Long Blades
 52216 | D:7      | Reached skill level 10 in Armour
 52347 | D:7      | XOM: divination: detect creatures
 52482 | D:7      | XOM: silly message
 52719 | D:7      | XOM: scenery: 1 doors close
 52951 | D:7      | XOM: mild Necr miscast
 53334 | D:7      | XOM: mild Necr miscast
 53599 | D:7      | XOM is BORED!
 53599 | D:7      | XOM: noise
 53975 | D:7      | Noticed a deep troll earth mage
 54079 | D:8      | Noticed a red ugly thing
 54082 | D:8      | XOM: summons 4 friendly demons
 54085 | D:8      | Killed a red ugly thing
 54085 | D:8      | Reached XP level 11. HP: 87/87 MP: 11/11
 54769 | D:8      | XOM: cast spell 'Metabolic Englaciation'
 54931 | D:8      | XOM: god gift: 51 gold pieces
 55307 | D:8      | XOM: harmless Hex miscast
 55385 | D:8      | XOM: god gift: scale mail {god gift}
 55407 | D:8      | XOM: colour smoke trail
 56553 | D:8      | XOM: god gift: leatherbound book {god gift}
 56671 | D:8      | XOM: vitrification
 57027 | D:8      | XOM is BORED!
 57027 | D:8      | XOM: medium Tloc miscast
 57506 | D:9      | XOM: 1-stop teleportation journey
 57508 | D:9      | Got an iridescent long sword
 58021 | D:8      | XOM: god gift: scroll labeled WENAFO BIGUNK
 58121 | D:8      | XOM: polymorph killer bee -> howler monkey
 58122 | D:8      | XOM: harmless Erth miscast
 58157 | D:8      | XOM: harmless Trmt miscast
 58451 | D:8      | XOM: mild Fire miscast
 58574 | D:8      | XOM: divination: detect creatures
 58588 | D:8      | Reached skill level 1 in Evocations
 58640 | D:8      | Noticed a griffon
 58644 | D:8      | XOM: confuse monster(s)
 58646 | D:8      | Killed a griffon
 58656 | D:8      | Bought a warped blowgun for 202 gold pieces
 58656 | D:8      | Identified the +10 blowgun of Disorder {evade, Str+3 Dex+3} (You bought it in a shop on level 8 of the Dungeon)
 58754 | D:8      | XOM: colour smoke trail
 58833 | D:7      | XOM: confusion (+ monsters)
 58920 | D:8      | XOM: summons 1 hostile demon
 58987 | D:8      | XOM is BORED!
 58987 | D:8      | XOM: harmless Divn miscast
 59241 | D:8      | XOM: vitrification
 59254 | D:8      | XOM: vitrification
 60241 | D:8      | Noticed a four-headed hydra
 60359 | D:9      | XOM is BORED!
 60359 | D:9      | XOM: mild Air miscast
 60616 | D:9      | XOM: mild Fire miscast
 60710 | D:9      | XOM: summons 4 hostile demons
 60911 | D:9      | XOM: medium Ice miscast
 61743 | D:9      | XOM: colour smoke trail
 62236 | D:9      | XOM: medium Summ miscast
 62448 | D:9      | XOM: mild Conj miscast
 63098 | D:9      | XOM: harmless Erth miscast
 63879 | D:9      | XOM: summons 4 hostile demons
 64323 | D:9      | XOM: colour smoke trail
 64384 | D:9      | XOM: medium Pois miscast
 64571 | D:9      | XOM: summons 1 hostile demon
 64609 | D:9      | Noticed a centaur warrior
 64615 | D:9      | Killed a centaur warrior
 64615 | D:9      | Reached skill level 9 in Fighting
 64833 | D:9      | XOM: summons 2 hostile shadow creatures
 64834 | D:9      | Noticed a seven-headed hydra
 64835 | D:10     | Entered Level 10 of the Dungeon
 64835 | D:10     | Noticed a hill giant
 64844 | D:10     | Killed a hill giant
 65145 | D:10     | XOM is BORED!
 65145 | D:10     | XOM: mild Hex miscast
 65193 | D:10     | XOM: medium Chrm miscast
 65271 | D:10     | XOM: 3-stop teleportation journey
 65285 | D:10     | Found a staircase to the Lair.
 65313 | D:10     | XOM: noise
 65332 | D:10     | XOM: mild Necr miscast
 65363 | D:10     | XOM: confuse monster(s)
 65595 | D:10     | Got a bloodstained scale mail
 65606 | D:10     | Identified the cursed +0 scale mail of Decompression {+Fly} (You found it on level 10 of the Dungeon)
 65758 | D:9      | XOM: god gift: glowing battleaxe {god gift}
 65893 | D:9      | Noticed an eight-headed hydra
 67226 | D:9      | XOM: vitrification
 67362 | D:9      | XOM: vitrification
 67563 | D:9      | XOM: god gift: meat ration
 67564 | D:9      | XOM: god gift: curved jewelled rod {god gift}
 68635 | D:9      | Noticed a yaktaur captain
 68644 | D:9      | XOM: mild Pois miscast
 68650 | D:9      | Killed a yaktaur captain
 69183 | D:9      | XOM: confuse monster(s)
 69192 | D:9      | XOM: fake destruction
 69199 | D:9      | XOM: swap monsters
 69203 | D:9      | XOM: smoke on damage
 69215 | D:9      | Killed a 19-headed hydra
 69215 | D:9      | Reached XP level 12. HP: 44/95 MP: 12/12
 69400 | D:9      | XOM: god gift: scroll of random uselessness
 69404 | D:9      | Identified a +8 rod of ignition (9/9) (Xom gifted it to you on level 9 of the Dungeon)
 69637 | D:9      | XOM: god gift: grey potion
 70591 | D:9      | XOM: divination: detect creatures
 70636 | D:9      | XOM: noise
 70929 | D:9      | XOM: divination: detect creatures
 70977 | D:9      | Noticed a catoblepas
 71022 | D:9      | Noticed an ettin
 71024 | D:9      | XOM: enchant monster (good)
 71032 | D:9      | Killed an ettin
 71087 | D:9      | XOM: mild Conj miscast
 71826 | D:9      | XOM: vitrification
 72093 | D:9      | XOM: scenery: 1 doors close
 72412 | D:11     | Noticed Maud
 72417 | D:11     | XOM: enchant monster (good)
 72427 | D:11     | XOM: smoke on damage
 72435 | D:11     | Killed Maud
 72468 | D:11     | XOM: divination: detect items
 72593 | D:11     | Noticed Fannar
 72606 | D:11     | XOM: potion effect (invisibility)
 72631 | D:11     | XOM: harmless Conj miscast
 72635 | D:11     | Killed Fannar
 72818 | D:11     | Found a staircase to the Orcish Mines.
 72827 | D:11     | XOM: potion effect (brilliance)
 72829 | D:11     | XOM: confuse monster(s)
 73132 | D:11     | Found a glowing golden altar of the Shining One.
 73141 | D:11     | Identified the Disquisition on the Oath
 73220 | D:11     | XOM: enchant monster (bad)
 73223 | D:11     | Reached skill level 10 in Fighting
 73312 | D:11     | Got a scorched cloak
 73323 | D:11     | Identified the +1 cloak of the Orb Guardian {rF+} (You found it on level 11 of the Dungeon)
 73467 | D:11     | XOM: harmless Chrm miscast
 73715 | D:12     | XOM: god gift: arbalest {god gift}
 73768 | D:12     | XOM: silly message
 73771 | D:12     | Reached skill level 10 in Long Blades
 73813 | D:12     | Found a frozen archway.
 73864 | IceCv    | Entered an ice cave
 74151 | IceCv    | XOM: vitrification
 74202 | IceCv    | Got a steaming quarterstaff
 74204 | IceCv    | Identified the +7 quarterstaff "Zosmeut" {freeze, -Tele MR+ Str+3} (You found it in an ice cave)
 74287 | IceCv    | XOM: divination: magic mapping
 74296 | IceCv    | XOM: summons 5 friendly demons
 74305 | IceCv    | Gained mutation: You are in touch with the powers of death. [Mummy growth]
 74305 | IceCv    | Gained mutation: You can restore your body by infusing magical energy. [Mummy growth]
 74305 | IceCv    | Reached XP level 13. HP: 81/104 MP: 13/13
 74488 | IceCv    | XOM: enchant monster (good)
 74489 | IceCv    | XOM: harmless Ice miscast
 75026 | IceCv    | Noticed a frost giant
 75040 | IceCv    | XOM: silly message
 75583 | IceCv    | XOM: potion effect (haste)
 75772 | IceCv    | XOM: smoke on damage
 75773 | IceCv    | XOM: confuse monster(s)
 75781 | IceCv    | XOM: confuse monster(s)
 75782 | IceCv    | XOM: confuse monster(s)
 75788 | IceCv    | XOM: enchant monster (bad)
 75789 | IceCv    | Killed a frost giant
 76457 | D:13     | XOM: harmless Erth miscast
 76524 | D:13     | XOM: mild Summ miscast
 76528 | D:13     | XOM: chaos upgrade
 76533 | D:13     | Reached skill level 11 in Fighting
 76535 | D:13     | XOM: harmless Erth miscast
 76537 | D:13     | XOM: enchant monster (good)
 76540 | D:13     | XOM: cast spell 'Confusing Touch'
 76654 | D:13     | Found an oddly glowing altar of Pakellas.
 76777 | D:13     | XOM: mild Necr miscast
 76914 | D:13     | XOM: god gift: 55 gold pieces
 76971 | D:13     | XOM: 3-stop teleportation journey
 76975 | D:13     | XOM: 2-stop teleportation journey
 77013 | D:13     | XOM: noise
 77075 | D:13     | XOM: medium Summ miscast
 77193 | D:13     | XOM: confuse monster(s)
 77199 | D:13     | XOM: noise
 77352 | D:13     | XOM: colour smoke trail
 77405 | D:14     | XOM: summons 6 hostile demons
 77408 | D:14     | XOM: summons 2 friendly demons
 77421 | D:14     | XOM: confusion (+ monsters)
 77424 | D:14     | XOM: blink monster(s)
 77493 | D:14     | XOM: fake destruction
 77499 | D:13     | XOM: cast spell 'Conjure Ball Lightning'
 77544 | D:13     | XOM: stat loss: -1 Int (10/11)
 77586 | D:13     | XOM: stat loss: -1 Dex (11/12)
 77661 | D:13     | XOM: stat loss: -1 Str (19/20)
 77768 | D:13     | XOM: medium Summ miscast
 77889 | Lair:1   | Entered Level 1 of the Lair of Beasts
 77889 | Lair:1   | XOM: medium Fire miscast
 77960 | D:10     | XOM: blink monster(s)
 77964 | D:10     | XOM: noise
 78069 | D:10     | XOM: noise
 78111 | Orc:1    | Entered Level 1 of the Orcish Mines
 78336 | Orc:1    | XOM: 2-stop teleportation journey
 78379 | Orc:1    | Noticed Erolcha
 78387 | Orc:1    | Killed Erolcha
 78387 | Orc:1    | Reached XP level 14. HP: 99/113 MP: 14/14
 78537 | Orc:1    | Noticed Harold
 78546 | Orc:1    | Killed Harold
 78695 | Orc:1    | Noticed Nergalle
 78702 | Orc:1    | XOM: enchant monster (bad)
 78710 | Orc:1    | Killed Nergalle
 78746 | Orc:1    | XOM: stat loss: -1 Dex (11/12)
 78823 | Orc:2    | Entered Level 2 of the Orcish Mines
 79114 | Orc:2    | Found a staircase to the Elven Halls.
 79196 | Orc:2    | XOM: fog
 79241 | Orc:2    | XOM: divine lightning
 79242 | Orc:2    | Found Saffor's Magic Scroll Emporium.
 79276 | Orc:2    | Found Roproll's Distillery.
 79287 | Orc:2    | XOM: divination: detect items
 79475 | Orc:2    | Found Idayghaq's Book Shop.
 79475 | Orc:2    | XOM: vitrification
 79509 | Orc:2    | XOM: summons 10 friendly demons
 79619 | Orc:2    | XOM: vitrification
 79874 | Orc:2    | XOM: cast spell 'Warp Weapon'
 79908 | Orc:2    | Found Pisim's Antique Armour Boutique.
 79911 | Orc:2    | Found Xame's Magic Scroll Shoppe.
 79911 | Orc:2    | XOM: 2-stop teleportation journey
 79923 | Orc:2    | Found Eleum's Antique Armour Shoppe.
 79983 | Orc:2    | Bought a scroll of enchant weapon for 82 gold pieces
 80023 | Orc:2    | Found a one-way gate leading to the halls of Pandemonium.
 80040 | Orc:2    | Bought a scroll of teleportation for 36 gold pieces
 80040 | Orc:2    | Bought a scroll of enchant armour for 90 gold pieces
 80040 | Orc:2    | Bought a scroll of identify for 24 gold pieces
 80299 | Orc:2    | XOM: enchant monster (good)
 80404 | Orc:2    | XOM: silly message
 80612 | Orc:2    | XOM: enchant monster (good)
 80613 | Orc:2    | Reached skill level 12 in Fighting
 80819 | Orc:2    | XOM: summons friendly white imp
 80825 | Orc:2    | XOM: divination: detect creatures
 80841 | Orc:2    | XOM: harmless Summ miscast
 80857 | Orc:2    | XOM: silly message
 80901 | Orc:2    | XOM: colour smoke trail
 81183 | Orc:2    | XOM: 3-stop teleportation journey
 81202 | Orc:2    | XOM: medium Tloc miscast
 81220 | Orc:2    | XOM: summons 5 hostile shadow creatures
 81410 | Orc:2    | XOM: colour smoke trail
 81656 | Orc:2    | XOM: harmless Conj miscast
 81675 | Orc:2    | Found a roughly hewn altar of Beogh.
 81845 | Orc:2    | XOM: noise
 81879 | Orc:2    | XOM: mild Trmt miscast
 81945 | Orc:2    | XOM: confuse monster(s)
 82044 | Orc:2    | XOM: silly message
 82055 | Orc:2    | Bought a pair of boots for 103 gold pieces
 82126 | Orc:2    | XOM: colour smoke trail
 82269 | Orc:2    | Bought a scroll of acquirement for 572 gold pieces
 82269 | Orc:2    | Bought a scroll of magic mapping for 38 gold pieces
 82269 | Orc:2    | Bought a scroll of recharging for 104 gold pieces
 82269 | Orc:2    | Bought a scroll of teleportation for 33 gold pieces
 82480 | Orc:2    | Bought a faintly glowing ring mail for 234 gold pieces
 82480 | Orc:2    | Bought a faintly glowing scale mail for 234 gold pieces
 82490 | Orc:2    | Identified the +2 ring mail of Jigsaw {SInv} (You bought it in a shop on level 2 of the Orcish Mines)
 82500 | Orc:2    | Identified the cursed +1 scale mail of the Monkey's Uncle {Str+3 Int-2 Dex+6} (You bought it in a shop on level 2 of the Orcish Mines)
 83188 | Orc:2    | XOM: harmless Fire miscast
 83208 | Orc:2    | XOM: stat loss: -1 Int (10/11)
 83229 | Orc:2    | XOM: mild Chrm miscast
 83354 | Orc:2    | XOM: harmless Conj miscast
 84153 | Orc:2    | XOM: colour smoke trail
 84181 | Orc:2    | XOM: noise
 84260 | Orc:2    | XOM: silly message
 84613 | Orc:2    | XOM: god gift: 14 stones
 85175 | Orc:2    | XOM: harmless Air miscast
 85187 | Orc:2    | XOM: medium Trmt miscast
 85681 | Orc:2    | XOM: colour smoke trail
 85845 | Orc:2    | XOM: colour smoke trail
 85931 | Orc:2    | XOM: god gift: 10 royal jellies
 86060 | Orc:2    | XOM: noise
 86104 | Orc:2    | XOM: noise
 86564 | Orc:2    | XOM: god gift: pair of gloves {god gift}
 86806 | Orc:2    | XOM: colour smoke trail
 87599 | Orc:2    | XOM: harmless Conj miscast
 87767 | Orc:2    | XOM is BORED!
 87767 | Orc:2    | XOM: noise
 88265 | Orc:2    | XOM: mild Chrm miscast
 88648 | Orc:2    | XOM: noise
 89163 | Orc:2    | XOM: silly message
 89392 | Orc:2    | XOM: god gift: beef jerky
 90216 | Orc:2    | XOM: harmless Hex miscast
 90246 | Orc:2    | XOM: silly message
 90387 | Orc:2    | XOM: colour smoke trail
 90516 | Orc:2    | XOM: harmless Tloc miscast
 90517 | Orc:2    | XOM: god gift: 8 poisoned tomahawks
 90665 | Orc:2    | XOM: divination: detect creatures
 90738 | Orc:2    | XOM: god gift: 6 gold pieces
 90944 | Orc:2    | XOM: cast spell 'Summon Butterflies'
 91571 | Orc:2    | XOM: god gift: bronze wand {god gift}
 91575 | Orc:2    | XOM: god gift: plate armour {god gift}
 91582 | Orc:2    | XOM: harmless Hex miscast
 91852 | Orc:2    | XOM is BORED!
 91852 | Orc:2    | XOM: mild Divn miscast
 92621 | Orc:2    | XOM: colour smoke trail
 93393 | Orc:2    | XOM: vitrification
 93837 | Orc:2    | XOM: vitrification
 94591 | Orc:2    | XOM: 7-stop teleportation journey
 95121 | Orc:2    | XOM: mild Divn miscast
 95180 | Orc:2    | XOM: medium Trmt miscast
 95974 | Orc:2    | XOM: colour smoke trail
 96022 | Orc:2    | XOM is BORED!
 96022 | Orc:2    | XOM: mild Hex miscast
 96178 | Orc:2    | XOM: medium Erth miscast
 96319 | Orc:2    | XOM: colour smoke trail
 96529 | Orc:2    | XOM: silly message
 96582 | Orc:2    | XOM: god gift: weird glowing rod {god gift}
 96585 | Orc:2    | Identified a +7 rod of shadows (12/12) (Xom gifted it to you on level 2 of the Orcish Mines)
 97032 | Orc:2    | XOM: harmless Pois miscast
 97131 | Orc:2    | XOM: summons 5 hostile shadow creatures
 97219 | Orc:2    | XOM: summons 2 hostile shadow creatures
 97250 | Orc:2    | XOM: noise
 97582 | Orc:2    | XOM: god gift: glowing helmet {god gift}
 97873 | Orc:2    | XOM: god gift: 18 stones
 98035 | Orc:2    | XOM: god gift: wand of iceblast {god gift}
 99465 | Orc:2    | XOM: divination: detect creatures
 99875 | Orc:2    | XOM: cast spell 'Summon Butterflies'
 99876 | Orc:2    | XOM: god gift: 1910 gold pieces
100107 | Orc:2    | XOM: divination: detect creatures
100323 | Orc:2    | XOM is BORED!
100323 | Orc:2    | XOM: medium Trmt miscast
100490 | Orc:2    | XOM: vitrification
100666 | Orc:2    | XOM: divination: detect creatures
101169 | Orc:2    | XOM: god gift: blackened silver amulet {god gift}
101437 | Orc:2    | XOM: summons 3 hostile shadow creatures
101812 | Lair:1   | XOM: god gift: pair of embroidered gloves {god gift}
101898 | Lair:1   | XOM: god gift: scroll of teleportation
102093 | Lair:1   | XOM: vitrification
102181 | Lair:2   | XOM: destruction
102191 | Lair:2   | XOM: harmless Conj miscast
102401 | Lair:1   | XOM: harmless Tloc miscast
102643 | Lair:2   | XOM is BORED!
102643 | Lair:2   | XOM: silly message
102677 | Lair:2   | XOM: potion effect (brilliance)
102706 | Lair:2   | XOM: harmless Summ miscast
102717 | Lair:2   | XOM: silly message
102929 | Lair:2   | Reached XP level 15. HP: 107/121 MP: 16/16
103029 | Lair:2   | XOM: potion effect (haste)
103820 | Orc:2    | XOM is BORED!
103820 | Orc:2    | XOM: mild Chrm miscast
103995 | Orc:2    | XOM: silly message
104344 | Orc:2    | XOM: divination: detect creatures
105912 | Orc:2    | XOM: scenery: create altars
106015 | Orc:2    | XOM: mild Chrm miscast
106126 | Orc:2    | XOM: harmless Divn miscast
106248 | Orc:2    | XOM: silly message
106432 | Orc:2    | XOM is BORED!
106432 | Orc:2    | XOM: harmless Necr miscast
106638 | Orc:2    | XOM: god gift: 29 gold pieces
106967 | Orc:2    | XOM: 1-stop teleportation journey
107656 | Orc:2    | XOM is BORED!
107656 | Orc:2    | XOM: medium Trmt miscast
108198 | Orc:2    | XOM: noise
109170 | Lair:3   | XOM: silly message
109257 | Lair:3   | XOM: harmless Erth miscast
109331 | Lair:3   | XOM is BORED!
109331 | Lair:3   | XOM: stat loss: -1 Int (10/11)
109452 | Lair:3   | XOM: summons 5 hostile shadow creatures
109618 | Lair:3   | XOM: medium Chrm miscast
109703 | Lair:3   | XOM: silly message
109853 | Lair:4   | XOM: harmless Air miscast
110042 | Lair:4   | XOM: noise
110168 | Lair:4   | XOM: confusion
110272 | Lair:4   | XOM: cast spell 'Ring of Flames'
110432 | Lair:4   | Got a pair of steaming boots
110443 | Lair:4   | Identified the cursed +0 pair of boots of Okhea {+Blink rN++ MR-} (You found it on level 4 of the Lair of Beasts)
110540 | Lair:4   | XOM: enchant monster (bad)
110907 | Lair:5   | Got a warped bone ring
110909 | Lair:5   | Identified the ring "Jaojughi" {SustAt rN+ Int+4 Dex+3} (You acquired it on level 5 of the Lair of Beasts)
111012 | Lair:5   | XOM: confuse monster(s)
111178 | Lair:5   | XOM: swap monsters
111189 | Lair:5   | Reached skill level 15 in Long Blades
111309 | Lair:5   | XOM: god gift: 12 poisoned sling bullets
111323 | Lair:5   | XOM: medium Ice miscast
111332 | Lair:5   | XOM: confusion
111376 | Lair:5   | XOM: summons 2 hostile shadow creatures
111474 | Lair:5   | XOM: silly message
111488 | Lair:5   | XOM: colour smoke trail
111575 | Lair:5   | XOM: 7-stop teleportation journey
111641 | Lair:5   | Found a staircase to the Swamp.
112121 | Lair:5   | XOM: summons 7 hostile demons
112179 | Lair:6   | XOM: summons 5 hostile demons
112192 | Lair:6   | XOM is BORED!
112192 | Lair:6   | XOM: mild Conj miscast
112245 | Lair:6   | XOM: harmless Air miscast
112295 | Lair:6   | XOM: mild Summ miscast
112344 | Lair:6   | XOM: smoke on damage
112520 | Lair:6   | XOM: mild Air miscast
112543 | Lair:6   | XOM: noise
112584 | Lair:6   | XOM: harmless Divn miscast
112663 | Lair:6   | Found a staircase to the Snake Pit.
112860 | Lair:6   | XOM: divination: detect items
112867 | Lair:6   | XOM: medium Fire miscast
112868 | Lair:6   | XOM: cast spell 'Ring of Flames'
112952 | Lair:6   | XOM: medium Conj miscast
113036 | Lair:6   | XOM: 2-stop teleportation journey
113173 | Lair:6   | XOM: mild Pois miscast
113287 | Lair:6   | XOM: divination: detect creatures
113304 | Lair:6   | XOM: vitrification
113572 | Lair:7   | XOM: potion effect (brilliance)
113576 | Lair:7   | XOM: 4-stop teleportation journey
113580 | Lair:7   | XOM: repel stairs
113599 | Lair:7   | XOM: 2-stop teleportation journey
113601 | Lair:7   | XOM: confusion (+ monsters)
113610 | Lair:7   | XOM: silly message
113978 | Lair:7   | XOM: summons friendly crimson imp
114087 | Lair:7   | XOM: enchant monster (good)
114090 | Lair:7   | XOM: polymorph yak -> spiny frog
114097 | Lair:7   | Reached skill level 13 in Fighting
114101 | Lair:7   | XOM: summons friendly crimson imp
114114 | Lair:7   | XOM: harmless Air miscast
114115 | Lair:7   | XOM: enchant monster (bad)
114126 | Lair:7   | XOM: destruction
114137 | Lair:7   | XOM: summons 4 friendly demons
114596 | Lair:7   | XOM: god gift: scroll of teleportation
114830 | Lair:7   | XOM: vitrification
114846 | Lair:7   | XOM: vitrification
114852 | Lair:7   | XOM: stat loss: -1 Dex (11/12)
115093 | Lair:8   | Entered Level 8 of the Lair of Beasts
115241 | Lair:8   | Found a staircase to the Slime Pits.
115386 | Lair:7   | XOM: vitrification
115401 | Lair:7   | XOM: god gift: triangular ruby amulet {god gift}
115637 | Lair:7   | XOM: god gift: trident {god gift}
115654 | Lair:7   | Reached XP level 16. HP: 113/131 MP: 17/17
115691 | Lair:7   | XOM: god gift: rare book {god gift}
115692 | Lair:7   | Identified Xestuop's Almanac of Pathos (Xom gifted it to you on level 7 of the Lair of Beasts)
115694 | Lair:8   | XOM: summons 8 friendly demons
115695 | Lair:8   | XOM: divine lightning (protected)
115698 | Lair:8   | XOM: 1-stop teleportation journey
115787 | Lair:8   | XOM is BORED!
115787 | Lair:8   | XOM: 1-stop teleportation journey
115831 | Lair:8   | XOM: noise
115876 | Lair:8   | XOM: stat loss: -1 Str (21/22)
115880 | Lair:8   | XOM: confusion
115881 | Lair:8   | XOM: summons 2 friendly demons
115883 | Lair:8   | XOM: divination: magic mapping
115894 | Lair:8   | XOM: potion effect (heal wounds)
116054 | Lair:8   | XOM: divination: magic mapping
116061 | Lair:8   | Noticed Kirke
116069 | Lair:8   | Killed Kirke
116125 | Lair:8   | XOM: summons friendly crimson imp
116248 | Lair:8   | XOM: divination: detect creatures
116343 | Lair:8   | XOM: destruction
116467 | Lair:8   | XOM: 8-stop teleportation journey
116766 | Lair:8   | XOM: 5-stop teleportation journey
116933 | Lair:8   | XOM: divine lightning
117356 | Lair:8   | XOM: confuse monster(s)
117684 | Lair:8   | Identified a +1 pair of boots of running (You found it on level 8 of the Lair of Beasts)
117960 | D:14     | XOM: swap monsters
118007 | D:14     | XOM: divine lightning
118125 | D:14     | XOM: vitrification
118504 | D:14     | XOM: confuse monster(s)
118539 | D:14     | Found a gate to the Vaults.
118545 | D:14     | XOM: summons 6 friendly demons
118549 | D:14     | XOM: enchant monster (good)
119185 | D:14     | XOM: divination: detect creatures
119255 | D:15     | Entered Level 15 of the Dungeon
119287 | D:15     | XOM: god gift: bread ration
119317 | D:15     | Found a staircase to the Depths.
119320 | D:15     | XOM: divination: detect creatures
119597 | D:15     | XOM: blink monster(s)
119608 | D:15     | Reached skill level 14 in Fighting
119638 | D:15     | XOM: medium Erth miscast
119658 | D:15     | XOM: confusion
119660 | D:15     | XOM: potion effect (might)
119833 | D:15     | Identified Munt's Catalogue of Enchantment
120012 | D:15     | Noticed Louise
120012 | D:15     | XOM: summons friendly quasit
120013 | D:15     | XOM: potion effect (might)
120021 | D:15     | XOM: god gift: phial of floods
120041 | D:15     | Killed Louise
120449 | D:8      | Reached XP level 17. HP: 127/139 MP: 18/18
120516 | D:5      | XOM: summons friendly ufetubus
120522 | D:5      | XOM: summons 8 hostile demons
120561 | D:3      | XOM: severe Divn miscast
120601 | D:3      | XOM: medium Pois miscast
121005 | D:1      | XOM: summons 2 hostile shadow creatures
121038 | D:1      | XOM: harmless Tloc miscast
121542 | D:1      | XOM: colour smoke trail
121665 | D:1      | XOM: medium Pois miscast
121755 | D:1      | XOM: silly message
121987 | D:1      | XOM: summons 2 hostile shadow creatures
122361 | D:1      | XOM: colour smoke trail
122535 | D:1      | XOM: summons 8 hostile demons
122553 | D:1      | XOM: colour smoke trail
122893 | D:1      | XOM: silly message
123086 | D:1      | XOM: silly message
123123 | D:1      | XOM: colour smoke trail
123276 | D:1      | XOM: harmless Divn miscast
124232 | D:1      | XOM: summons 2 hostile shadow creatures
124334 | D:1      | XOM: medium Erth miscast
125823 | D:1      | XOM: noise
126281 | D:1      | XOM: harmless Hex miscast
126326 | D:1      | XOM: summons 1 hostile demon
126448 | D:1      | XOM: colour smoke trail
126545 | D:1      | XOM: colour smoke trail
126639 | D:1      | XOM is BORED!
126639 | D:1      | XOM: noise
127591 | D:1      | XOM: noise
128564 | D:1      | XOM: silly message
128943 | D:1      | XOM: mild Tloc miscast
128947 | D:1      | XOM: summons 1 hostile demon
129284 | D:1      | XOM: silly message
129493 | D:1      | XOM: summons 3 hostile demons
129868 | D:1      | XOM: harmless Fire miscast
129891 | D:1      | XOM: colour smoke trail
130880 | D:1      | XOM: harmless Ice miscast
131223 | D:1      | XOM: medium Tloc miscast
131571 | D:1      | XOM: severe Fire miscast
131754 | D:1      | XOM: mild Divn miscast
131756 | D:1      | XOM: severe Pois miscast
131854 | D:1      | XOM: silly message
131914 | D:1      | XOM: colour smoke trail
132335 | D:1      | XOM is BORED!
132335 | D:1      | XOM: medium Air miscast
132412 | D:1      | XOM: god gift: scroll of amnesia
132502 | D:1      | XOM: silly message
133622 | D:1      | XOM: harmless Necr miscast
134343 | D:1      | XOM is BORED!
134343 | D:1      | XOM: noise
134399 | D:1      | XOM: divination: detect creatures
134642 | D:1      | XOM: harmless Summ miscast
134773 | D:1      | XOM is BORED!
134773 | D:1      | XOM: medium Chrm miscast
135368 | D:1      | XOM: scenery: 1 doors close
135490 | D:1      | XOM: harmless Chrm miscast
135634 | D:1      | XOM: harmless Air miscast
136098 | D:1      | XOM: god gift: 18 stones
136189 | D:1      | XOM: colour smoke trail
136429 | D:1      | XOM: scenery: 1 doors open
136837 | D:1      | XOM: severe Divn miscast
136990 | D:1      | XOM: colour smoke trail
137384 | D:1      | XOM is BORED!
137384 | D:1      | XOM: stat loss: -1 Int (7/11)
137406 | D:1      | XOM: colour smoke trail
138003 | D:1      | XOM: harmless Pois miscast
138195 | D:1      | XOM: noise
138370 | D:1      | XOM: mild Summ miscast
138490 | D:1      | XOM: vitrification
139144 | D:1      | XOM: scenery: 1 doors close
139517 | D:1      | XOM: vitrification
139743 | D:1      | XOM: god gift: scroll of teleportation
140159 | D:1      | XOM is BORED!
140159 | D:1      | XOM: summons 8 hostile demons
140204 | D:2      | XOM: god gift: stone of tremors
140241 | D:2      | XOM: vitrification
140730 | D:1      | XOM: divination: detect creatures
140912 | D:1      | XOM: god gift: 910 gold pieces
141134 | D:1      | XOM: divination: detect creatures
142160 | D:1      | XOM: scenery: 1 doors open
142347 | D:1      | XOM: scenery: 1 doors close
142563 | D:1      | XOM: mild Pois miscast
142847 | D:1      | XOM: harmless Ice miscast
142856 | D:1      | XOM: scenery: 1 doors open
143395 | D:1      | XOM: scenery: 1 doors close
143734 | D:1      | XOM is BORED!
143734 | D:1      | XOM: summons 8 hostile demons
143802 | D:1      | XOM: 2-stop teleportation journey
143817 | D:1      | XOM: mild Hex miscast
143919 | D:1      | XOM: colour smoke trail
143945 | D:1      | XOM: summons 1 hostile demon
144336 | D:1      | XOM: god gift: 13 sling bullets of flame
144828 | D:1      | XOM: god gift: 11 bolts of flame
144938 | D:1      | XOM: god gift: 18 gold pieces
145288 | D:1      | XOM: scenery: 1 doors open
145574 | D:1      | XOM: scenery: 1 doors close
145709 | D:1      | XOM: scenery: 1 doors open
146055 | D:1      | XOM: god gift: wooden wand {god gift}
146101 | D:1      | XOM: 5-stop teleportation journey
146547 | D:1      | XOM: scenery: 1 doors close
146580 | D:1      | XOM: scenery: 1 doors open
146748 | D:1      | XOM is BORED!
146748 | D:1      | XOM: mild Ice miscast
147776 | D:1      | XOM: scenery: 1 doors close
148143 | D:1      | XOM: god gift: 21 gold pieces
148269 | D:1      | XOM: scenery: 1 doors open
148332 | D:1      | XOM: god gift: scroll of teleportation
148448 | D:1      | XOM: god gift: 7 meat rations
148655 | D:1      | XOM: scenery: 1 doors close
149318 | D:1      | XOM: scenery: 1 doors open
150005 | D:1      | XOM is BORED!
150005 | D:1      | XOM: medium Tloc miscast
150232 | D:1      | XOM: silly message
150885 | D:1      | XOM: scenery: 1 doors close
150933 | D:1      | XOM: scenery: 1 doors open
151257 | D:1      | XOM: harmless Tloc miscast
151481 | D:1      | XOM is BORED!
151481 | D:1      | XOM: noise
151926 | D:1      | XOM is BORED!
151926 | D:1      | XOM: noise
151935 | D:1      | XOM: harmless Pois miscast
152118 | D:1      | XOM: colour smoke trail
152216 | D:1      | XOM: scenery: 1 doors close
152410 | D:1      | XOM: silly message
152666 | D:1      | XOM is BORED!
152666 | D:1      | XOM: medium Air miscast
152719 | D:1      | XOM: mild Chrm miscast
152789 | D:1      | XOM: scenery: 1 doors open
153164 | D:1      | XOM is BORED!
153164 | D:1      | XOM: noise
153176 | D:1      | XOM: noise
153426 | D:1      | XOM: harmless Erth miscast
153555 | D:1      | XOM: mild Trmt miscast
153719 | D:1      | XOM: noise
153724 | D:1      | XOM: colour smoke trail
153972 | D:1      | XOM: summons 5 hostile shadow creatures
154087 | D:2      | XOM is BORED!
154087 | D:2      | XOM: medium Ice miscast
154128 | D:2      | XOM: summons 5 hostile shadow creatures
154454 | D:3      | XOM: summons 6 hostile demons
154906 | D:2      | XOM: colour smoke trail
155342 | D:2      | XOM: mild Summ miscast
155733 | D:2      | XOM: 4-stop teleportation journey
155910 | D:2      | XOM: scenery: create altars
156521 | D:2      | XOM: 1-stop teleportation journey
156696 | D:2      | XOM: cast spell 'Summon Butterflies'
156709 | D:2      | XOM: noise
156791 | D:2      | XOM: god gift: scroll of enchant armour
156970 | D:2      | XOM: god gift: 870 gold pieces
157960 | D:2      | XOM: stat loss: -1 Dex (15/15)
158118 | D:2      | XOM is BORED!
158118 | D:2      | XOM: medium Ice miscast
158560 | D:2      | XOM: god gift: wand of slowing {god gift}
158764 | D:2      | XOM: divination: detect creatures
158905 | D:2      | XOM: mild Conj miscast
159041 | D:2      | XOM: 2-stop teleportation journey
159312 | D:2      | XOM: medium Chrm miscast
159401 | D:2      | XOM: mild Necr miscast
159691 | D:2      | XOM is BORED!
159691 | D:2      | XOM: summons 3 hostile demons
160992 | D:2      | XOM: silly message
162669 | D:2      | XOM: colour smoke trail
164250 | D:2      | XOM: mild Conj miscast
164614 | D:2      | XOM: medium Erth miscast
164910 | D:2      | XOM: mild Fire miscast
164930 | D:2      | XOM is BORED!
164930 | D:2      | XOM: mild Erth miscast
165459 | D:2      | XOM: medium Necr miscast
165709 | D:2      | XOM: 9-stop teleportation journey
166331 | D:2      | XOM: 5-stop teleportation journey
166888 | D:2      | XOM: harmless Pois miscast
167775 | D:2      | XOM: cast spell 'Summon Butterflies'
167990 | D:2      | XOM: colour smoke trail
168064 | D:2      | XOM: summons 4 hostile demons
168617 | D:2      | XOM: mild Ice miscast
168699 | D:2      | XOM: colour smoke trail
169246 | D:2      | XOM: noise
169770 | D:2      | XOM: medium Summ miscast
170011 | D:2      | XOM: harmless Pois miscast
170146 | D:2      | XOM: god gift: 15 gold pieces
170393 | D:2      | XOM: silly message
170451 | D:2      | XOM: colour smoke trail
170701 | D:2      | XOM: harmless Pois miscast
171021 | D:2      | XOM: stat loss: -1 Int (11/15)
171263 | D:2      | XOM: harmless Conj miscast
171436 | D:2      | XOM: medium Trmt miscast
171847 | D:2      | XOM: harmless Divn miscast
171856 | D:2      | XOM: colour smoke trail
172058 | D:2      | XOM: harmless Divn miscast
172147 | D:2      | XOM: severe Necr miscast
172702 | D:2      | XOM: god gift: 21 stones
173599 | D:2      | XOM: divination: detect creatures
173821 | D:2      | XOM: silly message
174347 | D:2      | XOM: scenery: create altars
174392 | D:2      | XOM: colour smoke trail
174399 | D:2      | XOM: divination: detect creatures
174572 | D:2      | XOM: mild Chrm miscast
174776 | D:2      | XOM: mild Conj miscast
174821 | D:2      | XOM is BORED!
174821 | D:2      | XOM: medium Pois miscast
174976 | D:2      | XOM: colour smoke trail
175141 | D:2      | XOM: god gift: helmet {god gift}
175202 | D:2      | XOM: mild Trmt miscast
176116 | D:2      | XOM: severe Tloc miscast
176506 | D:2      | XOM: harmless Necr miscast
176867 | D:2      | XOM: mild Fire miscast
177085 | D:2      | XOM: colour smoke trail
177428 | D:2      | XOM: summons 4 hostile demons
177432 | D:2      | XOM is BORED!
177432 | D:2      | XOM: summons 2 hostile shadow creatures
178697 | D:2      | XOM: silly message
179709 | D:2      | XOM: noise
179807 | D:2      | XOM: harmless Chrm miscast
179947 | D:2      | XOM: god gift: long sword {god gift}
180297 | D:2      | XOM: colour smoke trail
180527 | D:2      | XOM: colour smoke trail
181115 | D:2      | XOM: harmless Fire miscast
181276 | D:2      | XOM: silly message
181356 | D:2      | XOM: harmless Chrm miscast
181853 | D:2      | XOM is BORED!
181853 | D:2      | XOM: silly message
182369 | D:2      | XOM: silly message
182392 | D:2      | XOM: divination: detect creatures
182677 | D:2      | XOM: divination: detect creatures
182721 | D:2      | XOM: divination: detect creatures
182737 | D:2      | XOM: harmless Pois miscast
182841 | D:2      | XOM: harmless Necr miscast
182951 | D:2      | XOM is BORED!
182951 | D:2      | XOM: harmless Chrm miscast
182955 | D:2      | XOM: silly message
183056 | D:2      | XOM: silly message
183090 | D:2      | XOM: silly message
184036 | D:2      | XOM: harmless Trmt miscast
184111 | D:2      | XOM is BORED!
184111 | D:2      | XOM: silly message
184703 | D:2      | XOM: divination: detect creatures
184746 | D:2      | XOM: harmless Pois miscast
185007 | D:2      | XOM: divination: detect creatures
185154 | D:2      | XOM: harmless Erth miscast
185279 | D:2      | XOM is BORED!
185279 | D:2      | XOM: mild Hex miscast
186470 | D:2      | XOM: harmless Hex miscast
186973 | D:2      | XOM: scenery: create altars
187065 | D:2      | XOM is BORED!
187065 | D:2      | XOM: noise
187541 | D:2      | XOM: colour smoke trail
187848 | D:2      | XOM: colour smoke trail
187866 | D:2      | XOM: summons 4 hostile demons
188052 | D:2      | XOM is BORED!
188052 | D:2      | XOM: summons 3 hostile shadow creatures
189175 | D:2      | XOM: harmless Trmt miscast
189196 | D:2      | XOM: summons 4 hostile demons
189225 | D:2      | XOM: mild Divn miscast
189286 | D:2      | XOM: summons 4 hostile demons
189334 | D:2      | XOM: colour smoke trail
189648 | D:2      | XOM: harmless Erth miscast
189788 | D:2      | XOM: harmless Conj miscast
190262 | D:2      | XOM: mild Pois miscast
190531 | D:2      | XOM: harmless Pois miscast
190631 | D:2      | XOM: mild Divn miscast
191984 | D:2      | XOM: colour smoke trail
192262 | D:2      | XOM: divination: detect creatures
193439 | D:2      | XOM: god gift: jewelled leather armour {god gift}
193440 | D:2      | Got a jewelled leather armour {god gift}
193451 | D:2      | Identified the +2 leather armour "Osaip" {Str+4 Stlth+} (Xom gifted it to you on level 2 of the Dungeon)
193631 | D:2      | XOM: noise
193828 | D:2      | XOM: colour smoke trail
194018 | D:2      | XOM: mild Hex miscast
194029 | D:2      | XOM: mild Necr miscast
194237 | D:2      | XOM: silly message
194246 | D:2      | XOM: harmless Tloc miscast
194328 | D:2      | XOM is BORED!
194328 | D:2      | XOM: noise
194338 | D:2      | XOM: harmless Necr miscast
195134 | D:2      | XOM: medium Summ miscast
195174 | D:2      | XOM: colour smoke trail
195792 | D:2      | XOM: god gift: lantern of shadows
195822 | D:2      | XOM: god gift: hardcover book {god gift}
195825 | D:2      | XOM: noise
195912 | D:2      | XOM is BORED!
195912 | D:2      | XOM: noise
196662 | D:2      | XOM: colour smoke trail
197176 | D:2      | XOM: divination: detect creatures
197382 | D:2      | XOM: harmless Conj miscast
197405 | D:2      | XOM is BORED!
197405 | D:2      | XOM: medium Tloc miscast
198092 | D:2      | XOM: cast spell 'Summon Butterflies'
198674 | D:2      | XOM: harmless Ice miscast
199195 | D:2      | XOM: god gift: glowing falchion {god gift}
199572 | D:2      | XOM: harmless Chrm miscast
199799 | D:2      | XOM: colour smoke trail
199864 | D:2      | XOM: mild Pois miscast
200093 | D:2      | XOM: god gift: runed plate armour {god gift}
200144 | D:2      | XOM is BORED!
200144 | D:2      | XOM: mild Ice miscast
200217 | D:2      | XOM: 1-stop teleportation journey
200981 | D:2      | XOM is BORED!
200981 | D:2      | XOM: mild Hex miscast
201082 | D:2      | XOM: noise
202638 | D:2      | XOM: mild Erth miscast
202814 | D:2      | XOM: stat loss: -1 Str (22/22)
202887 | D:2      | XOM is BORED!
202887 | D:2      | XOM: noise
203114 | D:2      | XOM: colour smoke trail
203574 | D:2      | XOM: harmless Summ miscast
203604 | D:2      | XOM: god gift: 23 gold pieces
204145 | D:2      | XOM: god gift: wand of polymorph {god gift}
204222 | D:2      | XOM: scenery: create altars
204426 | D:2      | XOM is BORED!
204426 | D:2      | XOM: medium Air miscast
204832 | D:2      | XOM: colour smoke trail
204923 | D:2      | XOM: 7-stop teleportation journey
205291 | D:2      | XOM: silly message
205335 | D:2      | XOM: silly message
205372 | D:2      | XOM: divination: detect creatures
205400 | D:2      | XOM: harmless Ice miscast
205410 | D:2      | XOM: divination: detect creatures
205418 | D:2      | XOM: harmless Necr miscast
205561 | D:2      | XOM: silly message
205734 | D:2      | XOM: silly message
206476 | D:2      | XOM: harmless Necr miscast
206549 | D:2      | XOM: divination: magic mapping
206770 | D:2      | XOM: harmless Chrm miscast
206846 | D:2      | XOM: harmless Ice miscast
206902 | D:2      | XOM: god gift: 8 needles of confusion
206926 | D:2      | XOM: god gift: 47 gold pieces
206991 | D:2      | XOM: god gift: steaming cloak {god gift}
207145 | D:2      | Got a steaming cloak {god gift}
207156 | D:2      | Identified the +2 cloak of the Ladybird {+Inv rF+ Slay+3} (Xom gifted it to you on level 2 of the Dungeon)
207497 | D:2      | XOM: divination: detect creatures
207756 | D:2      | XOM: god gift: 12 royal jellies
207817 | D:2      | XOM: god gift: sack of spiders
208215 | D:2      | XOM: god gift: phantom mirror
208485 | D:2      | XOM: colour smoke trail
208665 | D:2      | XOM: silly message
208681 | D:2      | XOM: divination: detect creatures
208908 | D:2      | XOM: medium Fire miscast
209021 | D:2      | XOM: severe Ice miscast
209127 | D:2      | XOM: silly message
209237 | D:2      | XOM: stat loss: -1 Dex (15/15)
209761 | D:2      | XOM: stat loss: -1 Dex (15/15)
210965 | D:2      | XOM: god gift: metal-bound book {god gift}
211733 | D:2      | XOM: summons 4 hostile demons
211935 | D:2      | XOM: divination: detect creatures
212348 | D:2      | XOM: god gift: scroll of enchant armour
212598 | D:2      | XOM: god gift: 34 gold pieces
213058 | D:2      | XOM: god gift: 2 needles of paralysis
213297 | D:2      | XOM: god gift: 14 gold pieces
213561 | D:2      | XOM: god gift: scroll of amnesia
213625 | D:2      | XOM: god gift: 17 bolts of penetration
214036 | D:2      | XOM is BORED!
214036 | D:2      | XOM: summons 4 hostile demons
214447 | D:2      | XOM: harmless Fire miscast
214557 | D:2      | XOM: silly message
214696 | D:2      | XOM: noise
215192 | D:2      | XOM: summons 4 hostile demons
215845 | D:2      | XOM: severe Necr miscast
215888 | D:2      | XOM: god gift: potion of curing
216255 | D:2      | XOM: divination: detect creatures
216557 | D:2      | XOM: harmless Fire miscast
216974 | D:2      | XOM is BORED!
216974 | D:2      | XOM: mild Necr miscast
217563 | D:2      | XOM: god gift: glowing large shield {god gift}
217879 | D:2      | XOM: colour smoke trail
217942 | D:2      | XOM: mild Pois miscast
218153 | D:2      | XOM: silly message
218202 | D:2      | XOM: severe Air miscast
218206 | D:2      | XOM: medium Divn miscast
218399 | D:2      | XOM: summons 2 hostile demons
218487 | D:2      | XOM: stat loss: -1 Int (10/15)
218659 | D:2      | XOM: summons 3 hostile shadow creatures
218685 | D:2      | XOM: mild Divn miscast
218789 | D:2      | XOM: noise
219361 | D:2      | XOM: mild Erth miscast
219667 | D:2      | XOM is BORED!
219667 | D:2      | XOM: noise
219875 | D:2      | XOM: harmless Tloc miscast
220129 | D:2      | XOM is BORED!
220129 | D:2      | XOM: mild Pois miscast
220922 | D:2      | XOM: god gift: wand of random effects {god gift}
221439 | D:2      | XOM: god gift: 440 gold pieces
221589 | D:2      | XOM is BORED!
221589 | D:2      | XOM: severe Divn miscast
221667 | D:2      | XOM: god gift: ring of slaying {god gift}
222008 | D:2      | XOM: god gift: plain deck of cards {god gift}
223021 | D:2      | XOM: god gift: glowing hunting sling {god gift}
223408 | D:2      | XOM: god gift: robe {god gift}
223416 | D:2      | XOM: god gift: bread ration
223466 | D:2      | XOM: god gift: 16 sling bullets of frost
224295 | D:2      | XOM: god gift: wand of digging {god gift}
224481 | D:2      | XOM: god gift: runed chain mail {god gift}
224731 | D:2      | XOM: god gift: box of beasts
225256 | D:2      | XOM: silly message
225362 | D:2      | XOM: mild Fire miscast
225636 | D:2      | XOM: mild Trmt miscast
226367 | D:2      | XOM: harmless Conj miscast
226448 | D:2      | XOM: harmless Pois miscast
226728 | D:2      | XOM is BORED!
226728 | D:2      | XOM: noise
226804 | D:2      | XOM: divination: detect creatures
227397 | D:2      | XOM: colour smoke trail
227599 | D:2      | XOM: mild Ice miscast
227879 | D:2      | XOM is BORED!
227879 | D:2      | XOM: noise
228145 | D:2      | XOM: divination: detect creatures
229021 | D:2      | XOM: silly message
229115 | D:2      | XOM: god gift: 45 gold pieces
229327 | D:2      | XOM: god gift: ring mail {god gift}
230077 | D:2      | XOM: divination: detect creatures
230290 | D:2      | XOM: silly message
230329 | D:2      | XOM: divination: detect creatures
230334 | D:2      | XOM: mild Ice miscast
230510 | D:2      | XOM is BORED!
230510 | D:2      | XOM: medium Erth miscast
231590 | D:2      | XOM: colour smoke trail
231893 | D:2      | XOM: silly message
232091 | D:2      | XOM: mild Trmt miscast
232408 | D:2      | XOM is BORED!
232408 | D:2      | XOM: noise
232795 | D:2      | XOM is BORED!
232795 | D:2      | XOM: mild Conj miscast
233225 | D:2      | XOM: 3-stop teleportation journey
234096 | D:2      | XOM: god gift: arbalest {god gift}
234588 | D:2      | XOM: god gift: wand of lightning {god gift}
234745 | D:2      | XOM: god gift: hand axe {god gift}
234909 | D:2      | XOM: silly message
235328 | D:2      | XOM is BORED!
235328 | D:2      | XOM: medium Necr miscast
235702 | D:2      | XOM: divination: detect creatures
235782 | D:2      | XOM: god gift: 33 gold pieces
236287 | D:2      | XOM: god gift: bubbling puce potion
236487 | D:2      | XOM: cast spell 'Summon Butterflies'
236751 | D:2      | XOM is BORED!
236751 | D:2      | XOM: mild Necr miscast
236927 | D:2      | XOM: silly message
236993 | D:2      | XOM: mild Erth miscast
237103 | D:2      | XOM: silly message
237281 | D:2      | XOM: divination: detect creatures
237799 | D:2      | XOM: cast spell 'Summon Butterflies'
237955 | D:2      | XOM: silly message
238655 | D:2      | XOM: harmless Fire miscast
238736 | D:2      | XOM: noise
238875 | D:2      | XOM: god gift: 48 gold pieces
239175 | D:2      | XOM: god gift: scroll of teleportation
239540 | D:2      | XOM is BORED!
239540 | D:2      | XOM: medium Conj miscast
239698 | D:2      | XOM: god gift: scroll of immolation
240023 | D:2      | XOM: mild Tloc miscast
240883 | D:2      | XOM: summons 4 hostile shadow creatures
241517 | D:2      | XOM: mild Conj miscast
241773 | D:2      | XOM is BORED!
241773 | D:2      | XOM: mild Pois miscast
242313 | D:2      | XOM: harmless Divn miscast
242468 | D:2      | XOM: colour smoke trail
243281 | D:2      | XOM: divination: detect creatures
243411 | D:2      | XOM: mild Hex miscast
243444 | D:2      | XOM: cast spell 'Summon Butterflies'
243487 | D:2      | XOM: noise
243929 | D:2      | XOM: god gift: metal-bound book {god gift}
243952 | D:2      | XOM: 1-stop teleportation journey
244102 | D:2      | XOM: mild Divn miscast
244242 | D:2      | XOM: summons 4 hostile demons
244620 | D:2      | XOM is BORED!
244620 | D:2      | XOM: summons 3 hostile demons
244960 | D:2      | XOM: summons 3 hostile shadow creatures
245562 | D:2      | XOM: harmless Necr miscast
245571 | D:2      | XOM: medium Trmt miscast
245593 | D:2      | XOM: medium Summ miscast
246273 | D:2      | XOM: harmless Chrm miscast
246590 | D:2      | XOM: god gift: wand of teleportation {god gift}
247058 | D:2      | XOM: colour smoke trail
247326 | D:2      | XOM: god gift: 17 stones
248273 | D:2      | XOM: harmless Fire miscast
248768 | D:2      | XOM: medium Air miscast
249340 | D:2      | XOM: god gift: wand of digging {god gift}
249780 | D:2      | XOM: noise
249943 | D:2      | XOM: colour smoke trail
250156 | D:2      | XOM: colour smoke trail
250516 | D:2      | XOM is BORED!
250516 | D:2      | XOM: mild Tloc miscast
250855 | D:2      | XOM: summons 3 hostile demons
250945 | D:2      | XOM: stat loss: -1 Dex (15/15)
251231 | D:2      | XOM: god gift: bread ration
251245 | D:2      | XOM: god gift: 3 javelins of penetration
251268 | D:2      | XOM: vitrification
251640 | D:2      | XOM: 4-stop teleportation journey
251956 | D:2      | XOM: god gift: 700 gold pieces
252004 | D:2      | XOM: god gift: blackened copper ring {god gift}
252126 | D:2      | XOM: god gift: 37 gold pieces
252294 | D:2      | XOM: summons 1 hostile demon
252422 | D:2      | XOM: noise
252643 | D:2      | XOM: stat loss: -1 Str (22/22)
253370 | D:2      | XOM: harmless Pois miscast
253955 | D:2      | XOM: silly message
253967 | D:2      | XOM: 5-stop teleportation journey
254028 | D:2      | XOM is BORED!
254028 | D:2      | XOM: summons 2 hostile shadow creatures
254087 | D:2      | XOM: colour smoke trail
254199 | D:2      | XOM: divination: detect creatures
254894 | D:2      | XOM: scenery: create altars
255035 | D:2      | XOM: colour smoke trail
255171 | D:2      | XOM is BORED!
255171 | D:2      | XOM: severe Fire miscast
255953 | D:2      | XOM: colour smoke trail
256353 | D:2      | XOM: silly message
256778 | D:2      | XOM: harmless Necr miscast
256986 | D:2      | XOM: colour smoke trail
257001 | D:2      | XOM: god gift: runed spear {god gift}
257542 | D:2      | XOM: mild Summ miscast
257550 | D:2      | XOM: noise
258006 | D:2      | XOM: summons 2 hostile demons
259087 | D:2      | XOM: harmless Air miscast
259482 | D:2      | XOM: harmless Necr miscast
259492 | D:2      | XOM: colour smoke trail
260151 | D:2      | XOM: medium Erth miscast
260161 | D:2      | XOM: harmless Pois miscast
260639 | D:2      | XOM: god gift: 5 tomahawks of returning
260671 | D:2      | XOM: god gift: helmet {god gift}
260710 | D:2      | XOM: 1-stop teleportation journey
261218 | D:2      | XOM: summons 1 hostile demon
261245 | D:2      | XOM: harmless Hex miscast
261733 | D:2      | XOM: medium Divn miscast
261745 | D:2      | XOM: stat loss: -1 Int (9/15)
261938 | D:2      | XOM: medium Pois miscast
262398 | D:2      | XOM is BORED!
262398 | D:2      | XOM: mild Conj miscast
263148 | D:2      | XOM: summons 2 hostile demons
263158 | D:2      | XOM: god gift: torn book {god gift}
263159 | D:2      | Identified Xom's Catalogue of Negation (Xom gifted it to you on level 2 of the Dungeon)
263499 | D:2      | XOM: god gift: shiny shield {god gift}
263713 | D:2      | XOM: god gift: 8 silver javelins
264079 | D:2      | XOM: divination: detect creatures
264259 | D:2      | XOM: silly message
264640 | D:2      | XOM: mild Fire miscast
264845 | D:2      | XOM is BORED!
264845 | D:2      | XOM: medium Trmt miscast
265116 | D:2      | XOM: harmless Trmt miscast
265454 | D:2      | XOM: silly message
265955 | D:2      | XOM: silly message
266555 | D:2      | XOM: silly message
266764 | D:2      | XOM is BORED!
266764 | D:2      | XOM: noise
266971 | D:2      | XOM: colour smoke trail
267025 | D:2      | XOM: god gift: 6 meat rations
267211 | D:2      | XOM: god gift: smelly chain mail {god gift}
267212 | D:2      | Got a smelly chain mail {god gift}
267223 | D:2      | Identified the +1 chain mail of Terror {rPois MR+ Regen+ Dex-4} (Xom gifted it to you on level 2 of the Dungeon)
267460 | D:2      | XOM: god gift: phantom mirror
267557 | D:2      | XOM: god gift: dire flail {god gift}
267757 | D:2      | XOM: god gift: 43 gold pieces
267915 | D:2      | XOM: god gift: wand of random effects {god gift}
268947 | D:2      | XOM: god gift: 19 gold pieces
269448 | D:2      | XOM: god gift: 44 gold pieces
269618 | D:2      | XOM: scenery: create altars
269670 | D:2      | XOM: mild Air miscast
270129 | D:2      | XOM: harmless Tloc miscast
270239 | D:2      | XOM: 4-stop teleportation journey
270745 | D:2      | XOM is BORED!
270745 | D:2      | XOM: mild Fire miscast
270750 | D:2      | XOM: divination: detect creatures
271310 | D:2      | XOM: medium Tloc miscast
271884 | D:2      | XOM is BORED!
271884 | D:2      | XOM: medium Chrm miscast
272071 | D:2      | XOM: mild Pois miscast
272474 | D:2      | XOM: medium Fire miscast
273016 | D:2      | XOM: mild Necr miscast
273967 | D:2      | XOM is BORED!
273967 | D:2      | XOM: severe Summ miscast
274128 | D:2      | XOM: god gift: droning book {god gift}
274129 | D:2      | Identified Xom's Papyrus of Imbalance (Xom gifted it to you on level 2 of the Dungeon)
274865 | D:2      | XOM: god gift: wand of random effects {god gift}
274925 | D:2      | XOM: god gift: 9 bolts of flame
275223 | D:2      | XOM: divination: detect creatures
275224 | D:2      | XOM: divination: detect creatures
275269 | D:2      | XOM is BORED!
275269 | D:2      | XOM: summons 2 hostile shadow creatures
275497 | D:2      | XOM: 1-stop teleportation journey
275960 | D:2      | XOM: god gift: 9 bolts of flame
276679 | D:2      | XOM: divination: detect creatures
276715 | D:2      | XOM: 2-stop teleportation journey
276726 | D:2      | XOM: 3-stop teleportation journey
276771 | D:2      | XOM: colour smoke trail
277260 | D:2      | XOM: god gift: wand of flame {god gift}
277471 | D:2      | XOM: silly message
277551 | D:2      | XOM: god gift: leatherbound book {god gift}
277833 | D:2      | XOM: harmless Air miscast
277846 | D:2      | XOM: god gift: 2 tomahawks of returning
277962 | D:2      | XOM: god gift: thick beryl amulet {god gift}
278566 | D:2      | XOM: god gift: glaive {god gift}
278811 | D:2      | XOM: 2-stop teleportation journey
279178 | D:2      | XOM: mild Conj miscast
279481 | D:2      | XOM: god gift: great sword {god gift}
279482 | D:2      | XOM: god gift: sack of spiders
279631 | D:2      | XOM is BORED!
279631 | D:2      | XOM: medium Chrm miscast
280588 | D:2      | XOM: divination: detect creatures
280943 | D:2      | XOM: harmless Fire miscast
281661 | D:2      | XOM: divination: detect creatures
281714 | D:2      | XOM: harmless Divn miscast
281816 | D:2      | XOM: divination: detect creatures
283211 | D:2      | XOM: colour smoke trail
283221 | D:2      | XOM: harmless Tloc miscast
283684 | D:2      | XOM: god gift: glaive {god gift}
284067 | D:2      | XOM: 10-stop teleportation journey
284326 | D:2      | XOM is BORED!
284326 | D:2      | XOM: medium Trmt miscast
284485 | D:2      | XOM: mild Ice miscast
284747 | D:2      | XOM: 1-stop teleportation journey
284761 | D:2      | XOM: harmless Divn miscast
285094 | D:2      | XOM: medium Necr miscast
285618 | D:2      | XOM: noise
286086 | D:2      | XOM is BORED!
286086 | D:2      | XOM: summons 2 hostile demons
286464 | D:2      | XOM: 1-stop teleportation journey
287407 | D:2      | XOM: stat loss: -1 Dex (15/15)
288434 | D:2      | XOM: harmless Ice miscast
288709 | D:2      | XOM: cast spell 'Summon Butterflies'
290248 | D:2      | XOM: god gift: 13 gold pieces
290524 | D:2      | XOM: god gift: 4 fruits
290909 | D:2      | XOM: 2-stop teleportation journey
291658 | D:2      | XOM is BORED!
291658 | D:2      | XOM: mild Trmt miscast
291877 | D:2      | XOM: harmless Erth miscast
292190 | D:2      | XOM: mild Summ miscast
292425 | D:2      | XOM: mild Conj miscast
293300 | D:2      | XOM: god gift: wand of hasting {god gift}
293616 | D:2      | XOM: god gift: 22 stones
293625 | D:2      | XOM: god gift: hunting sling {god gift}
293671 | D:3      | Fell from the grace of Xom
301783 | D:2      | Became a worshipper of Ashenzari the Shackled
301917 | D:8      | XOM: mild Erth miscast
302156 | Snake:1  | Entered Level 1 of the Snake Pit
302327 | Snake:1  | XOM: noise
303166 | Lair:4   | Identified the +3 long sword of Nemelex Xobeh's Scorn {holy, Int+5} (You found it on level 9 of the Dungeon)
303269 | Orc:2    | Bought a scroll of identify for 22 gold pieces
303298 | Orc:2    | Bought a scroll of remove curse for 36 gold pieces
303492 | Depths:1 | Entered Level 1 of the Depths
303610 | Depths:1 | Noticed a lich
303612 | Depths:1 | Noticed a tentacled monstrosity
303612 | Depths:1 | Noticed a tentacled monstrosity
303616 | Depths:1 | Noticed a tentacled monstrosity
303616 | Depths:1 | Noticed a tentacled monstrosity
303639 | Depths:1 | Killed a lich
303806 | Depths:1 | XOM: noise
303872 | Depths:1 | XOM: 1-stop teleportation journey
304133 | Depths:1 | XOM: mild Divn miscast
304184 | Depths:1 | Noticed a lich
304198 | Depths:1 | Noticed a Hell Sentinel
304206 | Depths:1 | Killed a lich
304466 | Depths:1 | Noticed a lich
304485 | Depths:1 | Killed a lich
304579 | Depths:1 | XOM: stat loss: -1 Dex (15/15)
304728 | Depths:1 | Identified the +3 scale mail of Gluttony {+Fly Int+3}
304734 | Depths:1 | Noticed a titan
304953 | Depths:1 | Killed a titan
305133 | Depths:1 | Found a gateway to a ziggurat.
305490 | Depths:1 | Found a gateway to Hell.
305571 | Depths:1 | XOM: mild Erth miscast
306040 | D:15     | XOM: mild Necr miscast
306125 | Depths:2 | XOM: mild Necr miscast
306426 | Depths:2 | XOM: medium Summ miscast
306507 | Depths:2 | Reached XP level 18. HP: 74/148 MP: 19/19
306557 | Depths:2 | Noticed a tentacled monstrosity
306728 | Depths:3 | XOM: 3-stop teleportation journey
307035 | Depths:3 | XOM: mild Conj miscast
307143 | Depths:3 | XOM: noise
307295 | Depths:3 | Reached skill level 15 in Fighting
307296 | Depths:3 | HP: 3/149 [fire giant/fireball (26)]
307484 | Depths:3 | XOM: mild Ice miscast
307519 | Depths:3 | XOM: mild Tloc miscast
307621 | Depths:3 | XOM: summons 5 hostile shadow creatures
307636 | Depths:3 | Noticed Frederick
307645 | Depths:3 | Identified the +4 scythe of Gozag's Reproof {speed, +Rage Dex+4}
309259 | Depths:3 | Found a runed door.
309313 | Depths:3 | XOM: mild Necr miscast
309332 | Depths:3 | XOM: medium Hex miscast
309347 | Depths:3 | Hired Liyf the big kobold for 88 gold.
309627 | Depths:3 | Your ally Liyf died
310116 | Depths:3 | XOM: enchant monster (bad)
310660 | Depths:2 | XOM: summons 14 hostile demons
311021 | Swamp:1  | Entered Level 1 of the Swamp
311366 | Swamp:1  | Reached * piety under Ashenzari
311681 | Swamp:1  | XOM: medium Erth miscast
312032 | Swamp:2  | Identified the cursed +0 scythe of Guonwa {flame, rN+ Dex+3}
312048 | Swamp:2  | XOM: 5-stop teleportation journey
312073 | Swamp:2  | XOM: 2-stop teleportation journey
312715 | Swamp:2  | Reached ** piety under Ashenzari
312812 | Swamp:2  | XOM: mild Tloc miscast
312812 | Swamp:2  | Was forgiven by Xom
313081 | Swamp:3  | Reached XP level 19. HP: 66/155 MP: 20/20
314637 | Swamp:4  | Entered Level 4 of the Swamp
315750 | Swamp:4  | Reached skill level 16 in Fighting
316092 | Swamp:4  | Got a decaying rune of Zot
316287 | Swamp:4  | Reached skill level 5 in Dodging
316795 | Snake:1  | Reached *** piety under Ashenzari
317673 | Snake:2  | Noticed Donald
317709 | Snake:2  | Killed Donald
319704 | Snake:3  | Reached XP level 20. HP: 163/165 MP: 21/21
319731 | Snake:3  | Reached **** piety under Ashenzari
320131 | Snake:3  | Identified the +4 ring mail of Duggoreja {rPois rC+ MP-9 Slay+4} (You took it off a salamander on level 3 of the Snake Pit)
321155 | Snake:4  | Entered Level 4 of the Snake Pit
321155 | Snake:4  | Noticed Aizul
321168 | Snake:4  | Killed Aizul
321448 | Snake:4  | Noticed Wiglaf
321464 | Snake:4  | Killed Wiglaf
321785 | Snake:4  | Noticed Vashnia
321896 | Snake:4  | Killed Vashnia
324248 | Snake:4  | Reached skill level 15 in Armour
324666 | Snake:4  | Got a serpentine rune of Zot
324897 | Slime:1  | Entered Level 1 of the Pits of Slime
326556 | Slime:2  | Reached ***** piety under Ashenzari
326658 | Slime:3  | Reached skill level 17 in Fighting
327506 | Slime:3  | Reached XP level 21. HP: 174/174 MP: 23/23
330070 | Vaults:1 | Entered Level 1 of the Vaults
330768 | Vaults:1 | Found Watri Wiac's Antique Weapon Emporium.
330774 | Vaults:1 | Bought a jewelled rapier for 342 gold pieces
330774 | Vaults:1 | Identified the +8 rapier of Grontol {drain, Dex+4} (You bought it in a shop on level 1 of the Vaults)
332612 | Vaults:2 | Hired Xofibex the big kobold for 100 gold.
332613 | Vaults:2 | Drew Focus: Str increased to 25, Int decreased to 10
332614 | Vaults:2 | Drew Focus: Str increased to 26, Int decreased to 9
332618 | Vaults:2 | Your ally Xofibex died
333119 | Vaults:2 | Noticed Sojobo
333138 | Vaults:2 | Killed Sojobo
333489 | Vaults:2 | Found a staircase to the Crypt.
333977 | Vaults:2 | Reached XP level 22. HP: 173/180 MP: 24/24
334566 | Crypt:1  | Entered Level 1 of the Crypt
334566 | Crypt:1  | Reached ****** piety under Ashenzari
334771 | Crypt:1  | Reached skill level 18 in Fighting
334821 | Crypt:1  | Got the cursed pair of gloves of Pride {rF++ MR- Str+3 Int+2}
334832 | Crypt:1  | Identified the cursed +0 pair of gloves of Pride {rF++ MR- Str+3 Int+2} (You found it on level 1 of the Crypt)
336316 | Crypt:2  | Noticed Jory
336335 | Crypt:2  | Killed Jory
336588 | Crypt:2  | Noticed Mennas
336608 | Crypt:2  | Killed Mennas
337302 | Crypt:3  | Entered Level 3 of the Crypt
337443 | Crypt:3  | Reached skill level 19 in Fighting
338164 | Crypt:3  | Found a staircase to the Tomb.
338417 | Crypt:3  | Noticed an ancient lich
338430 | Crypt:3  | Killed an ancient lich
339338 | Crypt:3  | Reached XP level 23. HP: 142/196 MP: 25/25
339884 | Crypt:3  | Reached skill level 20 in Fighting
340022 | Crypt:3  | Identified the ring "Yffaovy" {rF+ Str+7 Slay+2} (You took it off a guardian mummy on level 3 of the Crypt)
340131 | Crypt:3  | Found an ancient bone altar of Kikubaaqudgha.
340133 | Crypt:3  | Found a basalt altar of Yredelemnul.
340136 | Crypt:3  | Identified the ring of Ohoug {+Inv rN+ Str+4}
340137 | Crypt:3  | Identified the +7 morningstar of Poduat {crush, rC- rN+ SInv Stlth+}
340146 | Crypt:3  | Identified the ring of Caisuty {rPois rF- rN+ Str+7}
341683 | Vaults:3 | Found Biomu's Weapon Shoppe.
342133 | Vaults:3 | Found Gozag's Antique Weapon Shoppe.
342134 | Vaults:3 | Found Gozag's Antique Armour Emporium.
342170 | Vaults:3 | Reached skill level 21 in Fighting
342402 | Vaults:3 | Found an opulent altar of Gozag.
342402 | Vaults:3 | Found Gozag's Assorted Antiques.
342574 | Vaults:3 | Bought a dazzling chain mail for 950 gold pieces
342574 | Vaults:3 | Identified the +0 chain mail of the Empire {rN+} (You bought it in a shop on level 3 of the Vaults)
343333 | Vaults:4 | Found Ytze Zick's Weapon Shop.
343598 | Vaults:4 | Hired Habuwnoh the deep elf mage for 586 gold.
344008 | Vaults:4 | Your ally Habuwnoh died
344790 | Vaults:4 | Reached XP level 24. HP: 188/210 MP: 26/26
344957 | Vaults:4 | Reached skill level 5 in Evocations
345383 | D:14     | Reached skill level 22 in Fighting
345530 | Elf:1    | Entered Level 1 of the Elven Halls
345549 | Elf:1    | Noticed Roxanne
345563 | Elf:1    | Killed Roxanne
345568 | Elf:1    | Identified Roxanne's Compendium of Nocuous Shape Shifting (You took it off Roxanne on level 1 of the Elven Halls)
345807 | Elf:1    | Identified the +4 quarterstaff "Roprepal" {drain, Str+3 Dex+3}
346610 | Elf:1    | Noticed Azrael
346632 | Elf:1    | Killed Azrael
346959 | Elf:1    | Identified the +10 morningstar of Painful Death {pain, MP+9 Str-3 Dex+9 SInv}
347736 | Elf:2    | Cast into level 3 of the Abyss (trident of distortion)
347794 | Elf:2    | Escaped the Abyss
348785 | Elf:2    | Found a huge runed gate.
348787 | Elf:2    | Found a huge runed gate.
348790 | Elf:2    | Found a huge runed gate.
349854 | Elf:3    | Entered Level 3 of the Elven Halls
350504 | Elf:3    | Reached skill level 23 in Fighting
351069 | Elf:3    | Reached XP level 25. HP: 195/221 MP: 28/28
351515 | Elf:3    | Identified the +3 whip "Teasic" {slash, +Inv rPois Dex+4}
351619 | Elf:3    | Identified the +9 battleaxe of Nopojige {venom, Dex+4 SInv}
351619 | Elf:3    | Identified the +9 spear of the Realm of Zot {pierce, *Contam rF+ rN+ SInv}
351619 | Elf:3    | Identified the ring of Xejues {AC+3 Slay+3}
351619 | Elf:3    | Identified the cursed +0 cloak of the Eternal Fruit {Int+4}
351621 | Elf:3    | Identified the cursed +0 long sword of Accord {elec, rC+ Str+3 Stlth+} (You took it off a deep elf sorcerer on level 3 of the Elven Halls)
351628 | Elf:3    | Identified the ring "Zeacvuf" {rElec rF+ rC+} (You took it off a deep elf demonologist on level 3 of the Elven Halls)
351628 | Elf:3    | Identified a +2 rod of clouds (14/14) (You took it off a deep elf demonologist on level 3 of the Elven Halls)
351642 | Elf:3    | Identified the +3 morningstar of Fawkeups {holy, rF++}
351684 | Elf:3    | Identified the ring "Sotany" {*Confuse rPois rC+ Str+4}
353602 | Depths:1 | Identified the +9 quarterstaff "Oxipriq" {freeze, Int+4}
353942 | Depths:4 | Noticed Margery
354428 | Depths:3 | Reached skill level 5 in Shields
354600 | Depths:4 | Killed Margery
355088 | Depths:4 | Found a basalt altar of Yredelemnul.
355090 | Depths:4 | Found a one-way gate to the infinite horrors of the Abyss.
355115 | Depths:4 | Noticed a juggernaut
355119 | Depths:4 | Reached skill level 24 in Fighting
355134 | Depths:4 | Killed a juggernaut
355889 | Depths:4 | Found an opulent altar of Gozag.
356343 | Depths:4 | Noticed Xtahua
356357 | Depths:4 | Killed Xtahua
356404 | Depths:4 | Identified the +2 plate armour of Yredelemnul's Anger {rPois rC+} (You took it off a tengu warrior on level 4 of the Depths)
356456 | Depths:4 | Found a deep blue altar of Sif Muna.
356499 | Depths:4 | Found a blossoming altar of Fedhas.
356835 | Depths:4 | Gained mutation: You are strongly in touch with the powers of death. [Mummy growth]
356835 | Depths:4 | Reached XP level 26. HP: 192/232 MP: 29/29
356931 | Depths:4 | Noticed an iron giant
356955 | Depths:4 | Killed an iron giant
357413 | Depths:4 | Identified the +2 cloak "Ejataix" {rPois Str-5 Dex+9 SInv}
358233 | Tomb:1   | Entered Level 1 of the Tomb of the Ancients
358511 | Tomb:1   | Noticed a greater mummy
359421 | Depths:4 | Learned a level 2 spell: Repel Missiles
359457 | Depths:4 | Learned a level 1 spell: Infusion
359488 | Depths:4 | Voluntarily entered the Abyss.
360355 | Abyss:2  | Found a sparkling altar of Nemelex Xobeh.
360410 | Abyss:2  | Upgraded the game from 0.18-a0-1468-gaf180a1 to 0.18-a0-1481-g708b138
360530 | Abyss:2  | Found a corrupted altar of Lugonu.
360636 | Abyss:2  | Noticed an ancient lich
360643 | Abyss:2  | Killed an ancient lich
360739 | Abyss:2  | Found an oddly glowing altar of Pakellas.
360939 | Abyss:2  | Reached skill level 10 in Shields
361163 | Abyss:2  | Found a corrupted altar of Lugonu.
361219 | Abyss:2  | Reached skill level 25 in Fighting
361311 | Abyss:2  | Paralysed by accursed screaming for 1 turns
361971 | Abyss:2  | Reached skill level 1 in Spellcasting
361975 | Abyss:2  | Reached skill level 1 in Air Magic
362849 | Abyss:2  | Reached XP level 27. HP: 239/242 MP: 30/30
362993 | Depths:4 | Escaped the Abyss
363001 | Depths:4 | Voluntarily entered the Abyss.
364059 | Abyss:1  | Found a runed door.
364481 | Abyss:1  | Identified the +7 plate armour "Mociwes" {+Fly} (You took it off an angel on level 1 of the Abyss)
364779 | Abyss:1  | Reached skill level 5 in Spellcasting
365463 | Abyss:1  | Found a corrupted altar of Lugonu.
365494 | Abyss:1  | Found a corrupted altar of Lugonu.
366006 | Depths:4 | Escaped the Abyss
366573 | Vaults:5 | Entered Level 5 of the Vaults
367522 | Vaults:4 | Reached skill level 5 in Air Magic
369183 | Vaults:5 | Got a silver rune of Zot
369257 | Vaults:5 | Identified the Almanac of Aid and the Birds
369346 | Vaults:5 | Identified the +9 blowgun "Ticau" {speed, rN++ Int+2 Dex+3 Stlth+}
369347 | Vaults:5 | Identified the +6 great sword of Dissent {flame, MP+9 Dex+6}
369348 | Vaults:5 | Identified the +4 scimitar "Kaviog" {drain, rElec MP+9 Str+2 Stlth-}
369349 | Vaults:5 | Identified the cursed +1 war axe of Welfare {freeze, SInv}
369352 | Vaults:5 | Identified the Compendium of the Compass
369356 | Vaults:5 | Learned a level 2 spell: Blink
369362 | Vaults:5 | Identified the Papyrus of Toxins
369459 | Vaults:5 | Found Nieqoq's Antique Armour Shop.
369487 | Vaults:5 | Bought an ichor-stained quicksilver dragon armour for 1690 gold pieces
369487 | Vaults:5 | Identified the quicksilver dragon armour of Begine Utai {rC- rN++ MR+} (You bought it in a shop on level 5 of the Vaults)
369494 | Vaults:5 | Identified the Volume of Ashen Transmutation
369526 | Vaults:5 | Identified a -1 rod of shadows (3/13) (You took it off a vault warden on level 5 of the Vaults)
369691 | Vaults:5 | Found Axte's Distillery.
369691 | Vaults:5 | Found Bohieb's Magic Scroll Emporium.
369701 | Vaults:5 | Found Moezag's Food Boutique.
369702 | Vaults:5 | Bought a scroll of recharging for 171 gold pieces
369702 | Vaults:5 | Bought a scroll of teleportation for 54 gold pieces
369702 | Vaults:5 | Bought a scroll of teleportation for 54 gold pieces
369702 | Vaults:5 | Bought a scroll of torment for 135 gold pieces
369744 | Vaults:5 | Found Dagiur's Magic Scroll Shop.
369744 | Vaults:5 | Found Alol's Food Emporium.
369990 | Vaults:5 | Bought a scroll of teleportation for 51 gold pieces
369990 | Vaults:5 | Bought a scroll of enchant armour for 127 gold pieces
369990 | Vaults:5 | Bought 3 scrolls of recharging for 484 gold pieces
369990 | Vaults:5 | Bought a scroll of recharging for 161 gold pieces
370005 | Vaults:5 | Found Sewaosant's Distillery.
370005 | Vaults:5 | Found Duacretz's Food Shop.
370008 | Vaults:5 | Found Rauxt's Food Boutique.
370156 | Vaults:5 | Reached skill level 26 in Fighting
370914 | Depths:5 | Entered Level 5 of the Depths
371283 | Depths:4 | Reached skill level 1 in Translocations
371643 | Depths:5 | Noticed the Enchantress
372079 | Depths:5 | Cast into level 3 of the Abyss (the Enchantress)
372081 | Abyss:3  | Found a corrupted altar of Lugonu.
372389 | Abyss:3  | Paralysed by accursed screaming for 1 turns
372611 | Abyss:3  | Got an abyssal rune of Zot
372657 | Depths:5 | Escaped the Abyss
372660 | Depths:5 | Killed the Enchantress
372660 | Depths:5 | Identified the +6 faerie dragon armour {rPois MP+2 Clar} (You took it off the Enchantress on level 5 of the Depths)
373176 | Depths:5 | Found a gate to the Realm of Zot.
373255 | Depths:5 | Noticed a juggernaut
373262 | Depths:5 | Killed a juggernaut
375241 | Slime:6  | Entered Level 6 of the Pits of Slime
375676 | Slime:6  | Noticed the Royal Jelly
375677 | Slime:6  | Drew Focus: Str increased to 27, Int decreased to 10
375724 | Slime:6  | Killed the Royal Jelly
375725 | Slime:6  | Identified a +0 pair of boots of running
375725 | Slime:6  | Identified the +3 falchion of Sloth {slice, *Corrode rPois rN+ Dex+3}
375737 | Slime:6  | Identified the +6 chain mail of Satisfaction {+Inv Str-4 Int+2 SInv}
375896 | Slime:6  | Got a slimy rune of Zot
376075 | Slime:6  | Identified the Guide on Confrontation
377548 | Tomb:1   | Noticed a greater mummy
377559 | Tomb:1   | Killed a greater mummy
377871 | Tomb:2   | Noticed a greater mummy
377871 | Tomb:2   | Noticed a greater mummy
377871 | Tomb:2   | Noticed a greater mummy
377871 | Tomb:2   | Noticed a greater mummy
378695 | Tomb:1   | Killed a greater mummy
378740 | Tomb:1   | Killed a greater mummy
378747 | Tomb:1   | Killed a greater mummy
379143 | Tomb:1   | Killed a greater mummy
379251 | Tomb:1   | Killed a greater mummy
380193 | Tomb:1   | Noticed a greater mummy
380193 | Tomb:1   | Noticed a greater mummy
380202 | Tomb:1   | Noticed a greater mummy
380203 | Tomb:1   | Noticed a greater mummy
380558 | Tomb:1   | Killed a greater mummy
380580 | Tomb:1   | Killed a greater mummy
380582 | Tomb:1   | Reached skill level 10 in Spellcasting
380594 | Tomb:1   | Killed a greater mummy
380602 | Tomb:1   | Killed a greater mummy
380981 | Tomb:1   | Noticed a greater mummy
381002 | Tomb:1   | Killed a greater mummy
381057 | Tomb:1   | Noticed a greater mummy
381062 | Tomb:1   | Noticed a greater mummy
381064 | Tomb:1   | Noticed a greater mummy
381068 | Tomb:1   | Noticed a greater mummy
381072 | Tomb:1   | Killed a greater mummy
381075 | Tomb:1   | Noticed a greater mummy
381084 | Tomb:1   | Killed a greater mummy
381089 | Tomb:1   | Noticed a greater mummy
381174 | Tomb:1   | HP: 12/247 [death scarab (14)]
381777 | Tomb:1   | Killed a greater mummy
381903 | Tomb:1   | Noticed a greater mummy
381903 | Tomb:1   | Killed a greater mummy
381931 | Tomb:1   | Killed a greater mummy
382081 | Tomb:1   | Upgraded the game from 0.18-a0-1481-g708b138 to 0.18-a0-1507-g69458e0
382772 | Hell     | Entered the Vestibule of Hell
382772 | Hell     | Noticed Geryon
384080 | Hell     | Killed Geryon
385004 | Hell     | Found a gateway to the ashen valley of Gehenna.
385719 | Hell     | Found a gateway to the freezing wastes of Cocytus.
386294 | Hell     | Found a gateway to the Iron City of Dis.
386547 | Hell     | Found a gateway to the decaying netherworld of Tartarus.
386864 | Pan      | Entered Pandemonium
386910 | Pan      | Found an exit through the horrors of the Abyss.
386916 | Pan      | Noticed Irghoyrgh the pandemonium lord
386940 | Pan      | Killed Irghoyrgh the pandemonium lord
387078 | Pan      | Reached skill level 27 in Fighting
388132 | Pan      | Noticed Buin the pandemonium lord
388164 | Pan      | Killed Buin the pandemonium lord
389304 | Pan      | Found an exit through the horrors of the Abyss.
389796 | Pan      | Reached skill level 10 in Dodging
389796 | Pan      | Reached skill level 10 in Air Magic
390841 | Pan      | Reached skill level 1 in Charms
390887 | Pan      | Noticed Uload the pandemonium lord
391390 | Pan      | Killed Uload the pandemonium lord
391657 | Pan      | Got a demonic rune of Zot
391725 | Pan      | Found an exit through the horrors of the Abyss.
392129 | Pan      | Found an exit through the horrors of the Abyss.
392529 | Pan      | Noticed Paoranykh the pandemonium lord
394024 | Pan      | Killed Paoranykh the pandemonium lord
394622 | Pan      | Found an exit through the horrors of the Abyss.
394745 | Pan      | Identified the +1 leather armour of Surprise {rElec rPois MR- Slay+2}
395225 | Pan      | Noticed Takunady the pandemonium lord
395240 | Pan      | Paralysed by Takunady for 2 turns
395250 | Pan      | Killed Takunady the pandemonium lord
397090 | Pan      | Found a runed door.
397256 | Pan      | Found an exit through the horrors of the Abyss.
397434 | Pan      | Noticed Fafeffoc the pandemonium lord
397461 | Pan      | Killed Fafeffoc the pandemonium lord
397735 | Pan      | Found an exit through the horrors of the Abyss.
397756 | Pan      | Took an exit into the Abyss.
397756 | Abyss:1  | Escaped into the Abyss
398201 | Depths:3 | Escaped the Abyss
398298 | Depths:1 | Learned a level 3 spell: Mephitic Cloud
398299 | Zig:1    | Entered Level 1 of a ziggurat
398324 | Zig:2    | Entered Level 2 of a ziggurat
398327 | Zig:2    | Identified the +2 pair of gloves "Tischyxt" {Str+4}
398521 | Zig:3    | Entered Level 3 of a ziggurat
398565 | Zig:4    | Entered Level 4 of a ziggurat
398568 | Zig:4    | Identified the ring of the Lonely Beggars {rPois rF+ Str+5}
398569 | Zig:4    | Identified the cursed +3 falchion "Ugula" {flame, rF- Str+3 Dex+5 Stlth+}
398789 | Zig:5    | Entered Level 5 of a ziggurat
398796 | Zig:5    | Identified the ring "Moschyhusk" {+Fly rPois rC+ Str+6 Int-2}
398840 | Zig:6    | Entered Level 6 of a ziggurat
398977 | Zig:7    | Entered Level 7 of a ziggurat
399328 | Zig:8    | Entered Level 8 of a ziggurat
399335 | Zig:8    | Identified the +8 dagger of Mastery {drain, +Rage Dex+5}
399339 | Zig:8    | Identified the +1 leather armour of the Camelopard {rF+ Str-3 Dex+2}
399517 | Zig:9    | Entered Level 9 of a ziggurat
399525 | Zig:9    | Identified the ring "Ecvisir" {+Blink rElec rF+ Str-2 Dex+3}
399525 | Zig:9    | Identified the +9 battleaxe of a treasure trove {pain, rC+ Int+4}
400031 | Zig:10   | Entered Level 10 of a ziggurat
400040 | Zig:10   | Identified the +9 longbow of Cemepn {speed, rPois rN+ Dex+4}
400041 | Zig:10   | Identified the amulet "Gaucawav" {Harm *Drain rPois rF++ Str+3}
400041 | Zig:10   | Identified the +8 shortbow of Karma {venom, MR+ MP+9 Int+3 Dex+4}
400041 | Zig:10   | Identified the +6 quarterstaff of Fate {pain, *Corrode rPois rF+ SInv}
400076 | Zig:10   | Reached skill level 1 in Conjurations
400113 | Zig:10   | Identified the Incunabulum of the Hurtful Volcanoes
400125 | Zig:10   | Identified Sif Muna's Handbook of Destructive Flight
400203 | Zig:11   | Entered Level 11 of a ziggurat
400215 | Zig:11   | Noticed an orb of fire
400232 | Zig:11   | Killed an orb of fire
400232 | Zig:11   | Reached skill level 1 in Poison Magic
400319 | Zig:11   | Identified the +6 halberd of Inference {venom, rF+ Int+3 Dex+5 Stlth-}
400320 | Zig:11   | Identified the +10 longbow "Orofoxel" {velocity, Dex+4}
400329 | Zig:11   | Identified the Collected Works on Intoxication
400622 | Zig:11   | Identified the Papyrus of Venomous Confrontation
400663 | Zig:12   | Entered Level 12 of a ziggurat
400707 | Zig:12   | Identified the +0 quick blade of Balance {pierce, Stlth+}
400927 | Zig:12   | Identified The Lost Papyrus of the Archmage
401000 | Zig:12   | Learned a level 5 spell: Silence
401001 | Zig:13   | Entered Level 13 of a ziggurat
401053 | Zig:13   | Identified the amulet "Mishrim" {Spirit *Corrode Int+4 Dex+4}
401061 | Zig:13   | Drew Focus: Str increased to 28, Int decreased to 9
401511 | Zig:13   | Learned a level 6 spell: Deflect Missiles
401521 | Zig:14   | Entered Level 14 of a ziggurat
401845 | Zig:14   | Identified Vebbiem's Compendium of the Traveller (You found it on level 14 of a ziggurat)
402168 | Zig:15   | Entered Level 15 of a ziggurat
402178 | Zig:15   | Noticed an ancient lich
402179 | Zig:15   | Noticed an ancient lich
402184 | Zig:15   | Noticed an ancient lich
402194 | Zig:15   | Reached skill level 10 in Evocations
402194 | Zig:15   | Killed an ancient lich
402196 | Zig:15   | Killed an ancient lich
402202 | Zig:15   | Killed an ancient lich
402690 | Zig:15   | Identified the cursed +0 storm dragon armour of a wizard's laboratory {*Drain rElec rC++ MR+ Dex+3}
402690 | Zig:15   | Identified the ring "Tinien" {rF+ rC- MR+ AC+2}
402692 | Zig:15   | Identified the +3 pair of boots of Gravity {MR+ Str+2 Slay-3 Stlth+}
402788 | Zig:16   | Entered Level 16 of a ziggurat
402795 | Zig:16   | Noticed an ancient lich
402802 | Zig:16   | Noticed an ancient lich
402804 | Zig:16   | Noticed an ancient lich
402808 | Zig:16   | Killed an ancient lich
402809 | Zig:16   | Noticed an ancient lich
402814 | Zig:16   | Reached skill level 1 in Hexes
402832 | Zig:16   | Identified the +9 mace of Corporal Punishment {vamp, Int+4 Stlth+}
402832 | Zig:16   | Identified the cursed +0 ring mail of the Butterfly {rPois rC- Regen+ SInv}
402832 | Zig:16   | Identified the cursed +0 chain mail of Activism {Dex+4}
402833 | Zig:16   | HP: 12/249 [spectral golden dragon[a revenant] (16)]
402835 | Zig:16   | Hired Niluh the ogre mage for 829 gold.
402835 | Zig:16   | Killed from afar by a revenant

Vault maps used:
D:1:      matt_arrival_spirals, hangedman_decor_points, minmay_liquid_box
D:2:      zin_purify, evilmike_ruin_ashenzari
D:3:      minmay_goblin_kobold_castle, overflow_temple_1_default,
          kennysheep_pointless_box, hex_large
D:4:      uniq_robin
D:5:      grunt_temple_overflow_open, nicolae_dithmenos_through_a_glass_darkly,
          minmay_temple_entry_statues_fountains, first_bread
D:6:      elyvilon_altar_1, okawaru_trees_2
D:7:      lemuel_blue_sif_altar, basic_altar, the_bakery
D:8:      serial_shops, shop, st_stairs_1, minmay_curled_crystal
D:10:     grunt_lair_entry_orc_guard_hut
D:11:     orc_0_dummy, nicolae_tso_carved_into_rock, uniq_fannar, uniq_maud
D:12:     portal_ice_cave_entry_imps, nicolae_looking_at_the_future
D:13:     grunt_ministairs_4, grunt_pakellas_salt
D:14:     lightli_vaults_fourway_checkpoint, minmay_staircase_bubble
D:15:     grunt_enter_depths_snipers, grunt_decor_one_mirror, uniq_louise
Temple:   circular_temple_12
Lair:1:   infiniplex_staircase_pool
Lair:2:   grunt_megastairs_5
Lair:3:   serial_bayou_shore_b
Lair:4:   minmay_holes, eino_house_with_fridge, grunt_megastairs_3
Lair:5:   nicolae_swamp_entry_splash_gauntlet, guppyfry_lair_drakes
Lair:6:   guppyfry_snake_entry_island, special_room, serial_bayou_shore_b
Lair:7:   worms_lemuel
Lair:8:   guppyfry_lair_end_dragon, hangedman_lair_caniforms_friends,
          nicolae_slime_entry_slimehenge, nicolae_quartered_pool_little,
          grunt_megastairs_2, uniq_kirke
Swamp:1:  evilmike_swamp_ruin_house_4
Swamp:2:  serial_swamp_ruin, evilmike_swamp_ruin_rubble_1,
          evilmike_swamp_ruin_rubble_2
Swamp:3:  nicolae_swamp_feature_on_the_river_bank
Swamp:4:  swamp_basic_johnstein
Snake:1:  grunt_ministairs_11
Snake:2:  grunt_ministairs_10, uniq_donald
Snake:4:  snake_pit, uniq_aizul, uniq_wiglaf, uniq_vashnia
Slime:1:  cheibrodos_slime_lost_civilization_6
Orc:1:    uniq_erolcha, uniq_nergalle, uniq_harold
Orc:2:    pf_orc_diabolical, serial_shops, nicolae_shop_trees,
          nicolae_shop_statue_plus, minmay_orc_temple_b
Elf:1:    elf_arrival_001, evilmike_minifort, minmay_crystal_room, laboratory,
          uniq_roxanne, uniq_azrael
Elf:2:    minivault_19
Elf:3:    elf_hall
Vaults:1: vaults_mumra_minichess_inversion, v_misc_33,
          nicolae_vaults_disjoint_gnomons, nicolae_vaults_disjoint_gnomons,
          hangedman_vaults_stream, v_alt_pattern_4, hangedman_vaults_restitches,
          vaults_room_door_ring, vaults_room_fancy_cross, vaults_dpeg_hooks,
          ontoclasm_vaults_ring_large, v_misc_8, ontoclasm_vaults_ring_small,
          nicolae_vaults_shelves_hall, vaults_room_stairs_pillars, serial_shops,
          shop
Vaults:2: st_lines, nicolae_vaults_little_squares_3,
          hangedman_vaults_variations, nicolae_vaults_circle_grid_b,
          nicolae_vaults_diagonal_hallway_6, hangedman_vaults_stagger,
          v_misc_11, nicolae_vaults_little_squares_6,
          minmay_crypt_entry_simple_round, uniq_sojobo
Vaults:3: grunt_vaults_focal, nicolae_vaults_circle_grid_a,
          kennysheep_vaults_gozag_temple, nicolae_vaults_little_squares_6,
          v_misc_11, vaults_mumra_minichess, hangedman_vaults_river_flow,
          grunt_vaults_trifunnel, v_pattern_1, nicolae_vaults_alarming,
          vaults_room_stairs_pillars, vaults_room_octagon, v_misc_24,
          vaults_dpeg_encased_lava, serial_shops, nicolae_shop_stone
Vaults:4: v_pattern_5, ontoclasm_vaults_shuriken,
          nicolae_vaults_border_crossing, nicolae_vaults_puzzle_piece,
          hangedman_vaults_restitches, v_misc_18, vaults_room_fours,
          serial_shops, shop
Crypt:1:  minmay_misc_feat_hallway
Crypt:2:  hex_tiny, roderic_lattice_octagonal_star, uniq_jory, uniq_mennas
Crypt:3:  lightli_unholy_cathedral, tomb_entry_moat_badplayer,
          nicolae_crypt_ancient_font
Depths:1: enter_ziggurat_a, minmay_tree_intersection, grunt_hell_entry_dis_old,
          abandoned_shop, kennysheep_nondescript, minivault_16,
          lightli_corner_chamber, firewood_loft
Depths:2: minmay_diamond_stairs, glass_columns_b, pf_hell_entry_tar_spiral,
          minmay_staircase_windowed_large, basic_stair_grate_trap,
          serial_bayou_shore_a
Depths:3: evilmike_halls_of_destruction, hell_entry, serial_corexii_hall,
          corexii_hall_statues_s, corexii_hall_statues_i,
          rand_demon_pan_entry_9, minmay_fountain_box,
          kennysheep_nondecorative_pillar
Depths:4: grunt_profane_halls, abyss_entry, hell_entry, uniq_frederick,
          uniq_xtahua, uniq_margery
Depths:5: grunt_bruiser_brothers, hell_entry, minmay_crystal_water,
          uniq_enchantress
Abyss:1:  hangedman_eye_storm, evilmike_abyss_exit_4
Abyss:3:  evilmike_abyss_rune_ettins, grunt_abyss_exit_deep_breaths,
          grunt_abyss_rune_sword_and_sorcery
Pan:      lemuel_hellion_island, rand_demon_4, reaverb_pan_chaos_star,
          lemuel_hall_of_pain, pan_blood_fountain_small, rand_demon_2,
          grunt_pan_in_and_out, pan_blood_fountain, rand_demon_9,
          grunt_pan_spiral, nicolae_pan_sick_transit
Zig:1:    ziggurat_loot_3
Zig:7:    ziggurat_pillar_centre_smoke
Zig:10:   ziggurat_pillar_centre_c
IceCv:    ice_cave_caverns_02

Skill      XL: |  1  2  3  4  5  6  7  8  9 10 11 12 13 14 15 16 17 18 19 20 21 22 23 24 25 26 27 |
---------------+----------------------------------------------------------------------------------+-----
Dodging        | 1 2 3 4 5 6 7 8 13 | 13.3
Armour         | 2 3 4 5 7 8 10 11 12 13 14 15 16 17 18 22 | 22.2
Fighting       | 4 5 6 7 8 9 10 11 12 13 14 15 16 17 19 21 23 24 25 27 | 27.0
Stealth        | 1 2 3 4 |  4.0
Shields        | 3 8 11 14 | 14.1
Long Blades    | 5 8 10 12 14 16 17 18 19 21 22 23 26 | 26.4
Evocations     | 1 2 3 4 7 9 10 | 10.3
Spellcasting   | 2 14 | 14.8
Air Magic      | 2 13 | 13.1
Translocations | 2 |  2.7
Charms         | 2 |  2.2
Conjurations   | 1 |  1.0
Poison Magic   | 1 |  1.2
Hexes          | 1 |  1.0

Action                   |  1- 3 |  4- 6 |  7- 9 | 10-12 | 13-15 | 16-18 | 19-21 | 22-24 | 25-27 || total
-------------------------+-------+-------+-------+-------+-------+-------+-------+-------+-------++-------
Melee: Falchion          |   129 |   394 |   452 |       |       |       |       |       |       ||   975
       Short sword       |       |       |   443 |       |       |       |       |       |       ||   443
       Great sword       |       |       |    23 |   878 |  2081 |  2114 |  1982 |  1904 |  6550 || 15532
       Double sword      |       |       |       |       |       |       |       |       |   201 ||   201
 Fire: Blowgun           |       |       |       |     5 |       |       |       |       |       ||     5
 Cast: Repel Missiles    |       |       |       |       |       |       |       |       |    19 ||    19
       Blink             |       |       |       |       |       |       |       |       |     6 ||     6
       Mephitic Cloud    |       |       |       |       |       |       |       |       |     4 ||     4
       Silence           |       |       |       |       |       |       |       |       |     3 ||     3
       Infusion          |       |       |       |       |       |       |       |       |     1 ||     1
Invok: Curse Item        |       |       |       |       |       |     6 |       |     1 |     7 ||    14
       Renounce Religion |       |       |       |       |       |     1 |       |       |       ||     1
       Scrying           |       |       |       |       |       |       |       |     1 |       ||     1
 Abil: Evoke Flight      |       |       |       |       |       |       |       |     1 |       ||     1
Evoke: Wand              |       |     3 |     1 |    16 |    12 |    30 |    15 |     7 |    72 ||   156
       Box of beasts     |       |       |       |     1 |     3 |     2 |       |       |       ||     6
       Rod               |       |       |       |       |     2 |       |       |       |       ||     2
       Deck              |       |       |       |       |       |     9 |     8 |     9 |    61 ||    87
       Fan of gales      |       |       |       |       |       |     1 |     3 |       |     6 ||    10
       Sack of spiders   |       |       |       |       |       |     5 |    12 |     1 |    37 ||    55
       Stone of tremors  |       |       |       |       |       |       |     2 |     3 |    10 ||    15
       Phantom mirror    |       |       |       |       |       |       |     1 |       |     2 ||     3
       Disc of storms    |       |       |       |       |       |       |       |       |    23 ||    23
       Horn of Geryon    |       |       |       |       |       |       |       |       |     6 ||     6
  Use: Scroll            |       |     7 |    21 |    11 |    22 |    24 |     7 |    19 |    74 ||   185
 Stab: Paralysed         |       |     7 |     5 |       |       |       |       |       |     1 ||    13
       Petrifying        |       |     1 |       |       |     1 |       |       |       |     3 ||     5
       Distracted        |       |       |     3 |       |     1 |     3 |       |       |    10 ||    17
       Confused          |       |       |     3 |     3 |     4 |     2 |       |       |     5 ||    17
       Invisible         |       |       |     2 |     5 |       |       |       |       |     2 ||     9
       Petrified         |       |       |       |     1 |     1 |       |       |       |     2 ||     4
       Held in net/web   |       |       |       |       |       |       |       |       |     3 ||     3
